 Dungeon Crawl Stone Soup version 0.29.0-4-gdea44cf6ec (webtiles) character file.

Game seed: 3943060074261629884

23505 qw the Grappler (level 12, 125/125 HPs)
             Began as a Troll Cinder Acolyte on Aug 30, 2022.
             Was an Initiate of Ignis.
             Quit the game on level 1 of the Lair of Beasts.
             The game lasted 00:12:55 (12110 turns).

qw the Grappler (Troll Cinder Acolyte)             Turns: 12110, Time: 00:12:55

Health: 125/125    AC: 15    Str: 29    XL:     12   Next: 72%
Magic:  12/12      EV:  9    Int: 10    God:    Ignis [......]
Gold:   522        SH: 16    Dex: 11    Spells: 13/13 levels left

rFire   + + .      SeeInvis .     - Unarmed
rCold   + . .      Faith    .   i - +0 kite shield {rC+}
rNeg    . . .      Spirit   .   j - +0 swamp dragon scales
rPois   +          Reflect  +   a - +2 hat
rElec   .          Harm     .   r - +2 cloak
rCorr   .          Rampage  .   (gloves unavailable)
Will    +....                   (boots unavailable)
Stlth   +.........              b - amulet of reflection
HPRegen 1.10/turn               m - ring "Taesofi" {rPois rF+ Will+}
MPRegen 0.13/turn               t - +6 ring of dexterity

@: no status effects
A: large, unfitting armour, claws 3, regeneration 1, shaggy fur 1, tough skin 1,
robust 1
a: Renounce Religion, Rising Flame


You were on level 1 of the Lair of Beasts.
You worshipped Ignis.
Ignis was noncommittal.
You visited 2 branches of the dungeon, and saw 12 of its levels.
You also visited: Ossuary.

You collected 735 gold pieces.
You spent 213 gold pieces at shops.


Innate Abilities, Weirdness & Mutations

You are too large for most types of armour.
You have claws for hands.
Your natural rate of healing is unusually fast.
You are covered in fur. (AC +1)
You have tough skin. (AC +1)
You are robust. (+10% HP)


   Skills:
 - Level 6.2 Fighting
 - Level 4.0 Throwing
 - Level 3.4 Armour
 - Level 3.1 Dodging
 - Level 12.3 Shields
 + Level 14.6 Unarmed Combat
 - Level 1.0 Spellcasting
 - Level 2.1 Fire Magic


You had 13 spell levels left.
You didn't know any spells.
Your spell library contained the following spells:

 Spells                   Type           Power      Damage    Failure   Level
 Scorch                   Fire           8%         2d5       45%         2

Inventory:

Missiles
 d - 3 boomerangs
 q - 3 silver boomerangs (quivered)
Armour
 a - a +2 hat (worn)
 i - a +0 kite shield of cold resistance (worn)
 j - +0 swamp dragon scales (worn)
 r - a +2 cloak (worn)
Jewellery
 b - an amulet of reflection (around neck)
 m - the ring "Taesofi" (left claw) {rPois rF+ Will+}
   (You acquired it on level 4 of the Dungeon)

   [ring of protection from fire]

   rF:        It protects you from fire.
   rPois:     It protects you from poison.
   Will:      It increases your willpower.
 t - a +6 ring of dexterity (right claw)
Wands
 p - a wand of digging (6)
Scrolls
 c - a scroll of enchant weapon
 f - 2 scrolls of identify
Potions
 e - 2 potions of mutation
 g - 5 potions of might
 h - 9 potions of curing
 k - a potion of heal wounds
 l - a potion of haste
 o - a potion of resistance

Dungeon Overview and Level Annotations

Branches:
Dungeon (11/15)            Temple (0/1) D:7            Lair (1/5) D:10
    Orc (0/2) D:9         Ossuary (visited)

Altars:
Elyvilon
Okawaru
Qazlal
The Shining One

Shops:
D:5 [*(=*   D:10 *


Message History

12072 ||| Stepping randomly (stuck).
12073 ||| Stepping randomly (stuck).
12074 ||| Stepping randomly (stuck).
12075 ||| Stepping randomly (stuck).
12076 ||| Stepping randomly (stuck).
12077 ||| Stepping randomly (stuck).
12078 ||| Stepping randomly (stuck).
12079 ||| Stepping randomly (stuck).
12080 ||| Stepping randomly (stuck).
12081 ||| Stepping randomly (stuck).
12082 ||| Stepping randomly (stuck).
12083 ||| Stepping randomly (stuck).
You see here a +0 ring mail.
12084 ||| Stepping randomly (stuck).
12085 ||| Stepping randomly (stuck).
12086 ||| Stepping randomly (stuck).
12087 ||| Stepping randomly (stuck).
12088 ||| Stepping randomly (stuck).
12089 ||| Stepping randomly (stuck).
12090 ||| Stepping randomly (stuck).
12091 ||| Stepping randomly (stuck).
12092 ||| Stepping randomly (stuck).
12093 ||| Stepping randomly (stuck).
12094 ||| Stepping randomly (stuck).
12095 ||| Stepping randomly (stuck).
12096 ||| Stepping randomly (stuck).
12097 ||| Stepping randomly (stuck).
12098 ||| Stepping randomly (stuck).
12099 ||| Stepping randomly (stuck).
12100 ||| Stepping randomly (stuck).
12101 ||| Stepping randomly (stuck).
12102 ||| Stepping randomly (stuck).
12103 ||| Stepping randomly (stuck).
12104 ||| Stepping randomly (stuck).
12105 ||| Stepping randomly (stuck).
12106 ||| Stepping randomly (stuck).
12107 ||| Stepping randomly (stuck).
12108 ||| Stepping randomly (stuck).
12109 ||| Stepping randomly (stuck).
Are you sure you want to abandon this character and quit the game? (Confirm with "yes".)

###..........###.##
#.......
##..........# ##
##....%.
##..#.....##
##.....
####.##...## #
###.#.
#[......####.# ####
#............. #
#............. #
#..##....P.).#
#..##.@###....
#..##....#...#
....##..## .. .....
......
......##..####
#..... .... ....#
..... .....##


There were no monsters in sight!

Vanquished Creatures
  Snorg (D:10)
  Erolcha (D:10)
  Erica (D:9)
  9 two-headed ogres
  An ugly thing (D:11)
  2 black mambas (Lair:1)
  Maurice (D:9)
  5 elephants (Lair:1)
  A gargoyle (D:11)
  A cane toad (Lair:1)
  Maggie (D:10)
  A komodo dragon (D:11)
  3 kobold demonologists
  An unseen horror (D:11)
  3 trolls
  Prince Ribbit (D:9)
  Sigmund (D:2)
  11 yaks
  2 wraiths (D:11)
  An acid dragon (D:9)
  2 water moccasins
  5 orc warriors
  A black bear (D:5)
  An ice beast (D:7)
  2 ogres
  7 wolves
  4 centaurs
  A phantom (D:5)
  9 kobold brigands
  Blork the orc (D:5)
  3 elf zombies (Ossuary)
  3 scorpions
  2 gnoll sergeants
  2 bullfrogs
  2 necrophages
  A water moccasin zombie (D:5)
  9 killer bees (D:9)
  An electric eel (D:10)
  4 howler monkeys
  4 centaur zombies
  12 hounds
  3 human zombies (Ossuary)
  3 jellies
  3 gnoll boudas
  A bullfrog skeleton (D:5)
  10 orc priests
  A centaur skeleton (D:5)
  Jessica (D:2)
  2 iguanas
  9 orc wizards
  A hound zombie (Ossuary)
  3 mummies (Ossuary)
  Robin (D:2)
  22 gnolls
  7 adders
  2 shadow imps
  A white imp (D:6)
  2 ufetubi (D:4)
  An adder zombie (Ossuary)
  54 orcs
  7 ball pythons
  6 bats
  10 endoplasms
  2 giant cockroaches
  17 goblins
  10 hobgoblins
  3 jackals (D:5)
  28 kobolds
  3 quokkas
  2 frilled lizards
  3 goblin zombies (Ossuary)
  2 hobgoblin zombies (Ossuary)
  2 jackal zombies (Ossuary)
  6 kobold zombies (Ossuary)
  An orc zombie (Ossuary)
  7 quokka zombies (Ossuary)
  3 rats
  A rat zombie (Ossuary)
364 creatures vanquished.

Vanquished Creatures (others)
  An unseen horror (D:11)
  2 fungi (Lair:1)
  3 withered plants (D:5)
6 creatures vanquished.

Grand Total: 370 creatures vanquished

Notes
Turn   | Place    | Note
-------+----------+-------------------------------------------
     0 | D:1      | qw the Troll Cinder Acolyte began the quest for the Orb.
     0 | D:1      | Reached XP level 1. HP: 22/22 MP: 1/1
     0 | D:1      | 0 ||| qw: Version: 0.1-a-95-gae9e614
     0 | D:1      | 0 ||| qw: Game counter: 4419
     0 | D:1      | 0 ||| qw: Always use a shield: true
     0 | D:1      | 0 ||| qw: God list: Okawaru
     0 | D:1      | 0 ||| qw: Allow faded altars: false
     0 | D:1      | 0 ||| qw: Do Orc after D:15 true
     0 | D:1      | 0 ||| qw: Do second Lair branch before Depths: true
     0 | D:1      | 0 ||| qw: Lair rune preference: random
     0 | D:1      | 0 ||| qw: Plans: Normal
     0 | D:1      | 0 ||| PLANNING D:1-11
   279 | D:1      | 279 ||| Stepping ~*~*~tactically~*~*~ (outnumbered).
   303 | D:1      | 303 ||| Stepping ~*~*~tactically~*~*~ (stealth).
   304 | D:1      | 304 ||| Stepping ~*~*~tactically~*~*~ (stealth).
   305 | D:1      | 305 ||| Stepping ~*~*~tactically~*~*~ (stealth).
   306 | D:1      | 306 ||| Stepping ~*~*~tactically~*~*~ (stealth).
   325 | D:1      | Reached XP level 2. HP: 29/29 MP: 2/2
   553 | D:1      | Reached skill level 4 in Unarmed Combat
   616 | D:1      | Found a faded altar of an unknown god.
   949 | D:1      | Reached XP level 3. HP: 36/36 MP: 3/3
  1055 | D:1      | 1055 ||| DROPPING scarf of shadows.
  1056 | D:1      | 1056 ||| UPGRADING to amulet of reflection.
  1061 | D:1      | 1061 ||| DROPPING amulet of magic regeneration.
  1062 | D:1      | 1062 ||| READING 2 scrolls labelled ANYEGU YGOH.
  1063 | D:1      | 1063 ||| READING 2 scrolls labelled EHESYKHL HICYHEAKKO.
  1064 | D:1      | 1064 ||| READING scroll labelled ZIBLET CIREMOU.
  1065 | D:1      | 1065 ||| DROPPING scroll of noise.
  1277 | D:2      | 1277 ||| INVOKING Fiery Armour.
  1280 | D:2      | 1280 ||| Stepping ~*~*~tactically~*~*~ (hiding).
  1281 | D:2      | 1281 ||| Stepping ~*~*~tactically~*~*~ (hiding).
  1528 | D:2      | 1528 ||| INVOKING Fiery Armour.
  1533 | D:2      | Reached XP level 4. HP: 44/44 MP: 4/4
  1534 | D:2      | Reached skill level 5 in Unarmed Combat
  1537 | D:2      | Noticed Robin
  1548 | D:2      | Killed Robin
  1579 | D:2      | Noticed Sigmund
  1580 | D:2      | Noticed Jessica
  1585 | D:2      | Killed Sigmund
  1586 | D:2      | Reached skill level 6 in Unarmed Combat
  1586 | D:2      | Reached XP level 5. HP: 46/50 MP: 5/5
  1586 | D:2      | Reached XP level 6. HP: 55/59 MP: 6/6
  1586 | D:2      | Killed Jessica
  1613 | D:2      | 1613 ||| Stepping ~*~*~tactically~*~*~ (stealth).
  1621 | D:2      | Reached skill level 7 in Unarmed Combat
  1715 | D:2      | 1715 ||| Stepping ~*~*~tactically~*~*~ (hiding).
  1716 | D:2      | 1716 ||| Stepping ~*~*~tactically~*~*~ (hiding).
  1856 | D:2      | 1856 ||| READING scroll labelled CEAS ZETUSELEU.
  1857 | D:2      | 1857 ||| READING scroll labelled IXKUTU ONKOI.
  1858 | D:2      | 1858 ||| DRINKING 2 lumpy inky potions.
  1859 | D:2      | 1859 ||| DRINKING 2 metallic red potions.
  1859 | D:2      | Gained mutation: You are robust. (+10% HP) [potion of
                  | mutation]
  1864 | D:2      | 1864 ||| READING 2 scrolls of identify.
  1864 | D:2      | 1864 ||| IDENTIFYING murky emerald potion
  1865 | D:2      | 1865 ||| DROPPING potion of brilliance.
  1866 | D:2      | 1866 ||| Stepping randomly (stuck).
  1867 | D:2      | 1867 ||| Stepping ~*~*~tactically~*~*~ (cloud).
  2008 | D:3      | 2008 ||| Stepping ~*~*~tactically~*~*~ (stealth).
  2617 | D:3      | 2617 ||| READING scroll labelled KUSANKU QIZ.
  2618 | D:3      | 2618 ||| READING scroll labelled MIVUAL YNITYKH.
  2619 | D:3      | 2619 ||| DRINKING 2 bubbling golden potions.
  2620 | D:3      | 2620 ||| DRINKING 2 ruby potions.
  2646 | D:4      | 2646 ||| PLANNING OSSUARY
  2660 | D:4      | 2660 ||| STAIRDANCE
  2694 | D:4      | 2694 ||| Stepping ~*~*~tactically~*~*~ (stealth).
  2738 | D:4      | Reached skill level 8 in Unarmed Combat
  2738 | D:4      | Reached XP level 7. HP: 72/72 MP: 7/7
  2754 | D:4      | 2754 ||| Stepping ~*~*~tactically~*~*~ (stealth).
  2760 | D:4      | 2760 ||| Stepping ~*~*~tactically~*~*~ (outnumbered).
  2761 | D:4      | 2761 ||| Stepping ~*~*~tactically~*~*~ (outnumbered).
  2845 | D:4      | 2845 ||| READING 2 scrolls labelled VAMOTO ZYD.
  2946 | D:4      | 2946 ||| Stepping ~*~*~tactically~*~*~ (hiding).
  2959 | D:4      | Reached skill level 3 in Fighting
  2959 | D:4      | 2959 ||| FLEEEEING.
  2960 | D:4      | 2960 ||| FLEEEEING.
  2961 | D:4      | 2961 ||| FLEEEEING.
  2962 | D:4      | 2962 ||| FLEEEEING.
  2963 | D:4      | 2963 ||| FLEEEEING.
  2964 | D:4      | 2964 ||| FLEEEEING.
  2967 | D:4      | 2967 ||| FLEEEEING.
  2968 | D:4      | 2968 ||| FLEEEEING.
  2969 | D:4      | 2969 ||| FLEEEEING.
  2970 | D:4      | 2970 ||| FLEEEEING.
  2971 | D:4      | 2971 ||| FLEEEEING.
  2973 | D:4      | 2973 ||| FLEEEEING.
  2976 | D:4      | 2976 ||| FLEEEEING.
  2979 | D:4      | 2979 ||| STAIRDANCE
  2987 | D:3      | 2987 ||| READING 2 scrolls of identify.
  2987 | D:3      | 2987 ||| IDENTIFYING sedimented dark potion
  2988 | D:3      | 2988 ||| DROPPING potion of degeneration.
  2999 | D:4      | 2999 ||| STAIRDANCE
  3001 | D:4      | 3001 ||| STAIRDANCE
  3003 | D:4      | 3003 ||| STAIRDANCE
  3168 | D:4      | 3168 ||| Stepping ~*~*~tactically~*~*~ (outnumbered).
  3268 | D:4      | Found a sand-covered staircase.
  3269 | D:4      | 3269 ||| READING scroll labelled TANAT EPUI.
  3278 | Ossuary  | Entered an ossuary
  3330 | Ossuary  | 3330 ||| Stepping ~*~*~tactically~*~*~ (outnumbered).
  3331 | Ossuary  | 3331 ||| Stepping ~*~*~tactically~*~*~ (outnumbered).
  3445 | Ossuary  | Reached skill level 9 in Unarmed Combat
  3494 | Ossuary  | Reached skill level 1 in Dodging
  3526 | Ossuary  | 3526 ||| Stepping ~*~*~tactically~*~*~ (outnumbered).
  3528 | Ossuary  | 3528 ||| Stepping ~*~*~tactically~*~*~ (outnumbered).
  3529 | Ossuary  | 3529 ||| Stepping ~*~*~tactically~*~*~ (outnumbered).
  3554 | Ossuary  | 3554 ||| Stepping ~*~*~tactically~*~*~ (stealth).
  3570 | Ossuary  | Reached XP level 8. HP: 81/82 MP: 8/8
  3584 | Ossuary  | 3584 ||| Stepping ~*~*~tactically~*~*~ (outnumbered).
  3655 | Ossuary  | 3655 ||| READING scroll labelled TETOER ARIE.
  3655 | Ossuary  | Identified a scroll of acquirement
  3655 | Ossuary  | 3655 ||| ACQUIRING +0 kite shield of cold resistance
  3655 | Ossuary  | Acquired a +0 kite shield of cold resistance
  3657 | Ossuary  | 3657 ||| UPGRADING to +0 kite shield of cold resistance.
  3662 | Ossuary  | 3662 ||| READING scroll labelled FEIGAT OROY.
  3763 | Ossuary  | 3763 ||| READING scroll labelled ZUIMAF WIXTE.
  3774 | D:4      | 3774 ||| PLANNING D:1-11
  3782 | D:4      | 3782 ||| READING scroll of acquirement.
  3782 | D:4      | 3782 ||| ACQUIRING ring "Taesofi" {rPois rF+ Will+}
  3782 | D:4      | Acquired the ring "Taesofi" {rPois rF+ Will+}
  3784 | D:4      | 3784 ||| UPGRADING to ring "Taesofi" {rPois rF+ Will+}.
  4013 | D:4      | 4013 ||| READING 2 scrolls of identify.
  4013 | D:4      | 4013 ||| IDENTIFYING metallic clear potion
  4014 | D:4      | 4014 ||| DROPPING potion of ambrosia.
  4050 | D:5      | Entered Level 5 of the Dungeon
  4068 | D:5      | Found Pumeulua's Jewellery Shop.
  4075 | D:5      | 4075 ||| SHOPLISTING +6 ring of strength (396 gold, have
                  | 155).
  4075 | D:5      | 4075 ||| SHOPLISTING ring of ice (275 gold, have 155).
  4075 | D:5      | 4075 ||| SHOPLISTING ring of protection from fire (275
                  | gold, have 155).
  4096 | D:5      | Found Huepripa's Weapon Boutique.
  4132 | D:5      | Reached skill level 1 in Shields
  4155 | D:5      | Reached skill level 3 in Shields
  4159 | D:5      | Found Gabreluy's Assorted Antiques.
  4168 | D:5      | 4168 ||| BUYING 2 potions of curing (156 gold).
  4168 | D:5      | Bought 2 potions of curing for 156 gold pieces
  4168 | D:5      | 4168 ||| SHOPLISTING brown potion (23 gold, have 9).
  4168 | D:5      | 4168 ||| SHOPLISTING emerald potion (23 gold, have 9).
  4168 | D:5      | 4168 ||| SHOPLISTING fuming ruby potion (23 gold, have 9).
  4228 | D:5      | Noticed Blork the orc
  4229 | D:5      | 4229 ||| Stepping ~*~*~tactically~*~*~ (hiding).
  4265 | D:5      | 4265 ||| Stepping ~*~*~tactically~*~*~ (stealth).
  4266 | D:5      | 4266 ||| Stepping ~*~*~tactically~*~*~ (stealth).
  4267 | D:5      | 4267 ||| Stepping ~*~*~tactically~*~*~ (stealth).
  4278 | D:5      | Killed Blork the orc
  4332 | D:5      | Found Feopyett's Armour Shoppe.
  4345 | D:5      | 4345 ||| SHOPLISTING +0 robe of willpower (100 gold, have
                  | 47).
  4368 | D:5      | Found Peoheun's Assorted Antiques.
  4373 | D:5      | 4373 ||| BUYING scroll labelled KERAN ODOARUUP (19 gold).
  4373 | D:5      | Bought a scroll labelled KERAN ODOARUUP for 19 gold pieces
  4373 | D:5      | 4373 ||| SHOPLISTING scroll of brand weapon (180 gold, have
                  | 90).
  4373 | D:5      | 4373 ||| BUYING scroll of identify (38 gold).
  4373 | D:5      | Bought a scroll of identify for 38 gold pieces
  4770 | D:5      | 4770 ||| READING scroll labelled KERAN ODOARUUP.
  4771 | D:5      | 4771 ||| READING scroll labelled EVOBUDD POETE.
  4772 | D:5      | 4772 ||| READING 3 scrolls of identify.
  4772 | D:5      | 4772 ||| IDENTIFYING fizzy inky potion
  4773 | D:5      | 4773 ||| READING 2 scrolls of identify.
  4773 | D:5      | 4773 ||| IDENTIFYING brown potion
  4774 | D:5      | 4774 ||| DROPPING potion of berserk rage.
  4834 | D:6      | Found Komus's Antique Weapon Shop.
  4894 | D:6      | 4894 ||| Stepping ~*~*~tactically~*~*~ (stealth).
  4896 | D:6      | 4896 ||| Stepping ~*~*~tactically~*~*~ (hiding).
  4972 | D:6      | 4972 ||| Stepping ~*~*~tactically~*~*~ (stealth).
  4973 | D:6      | 4973 ||| Stepping ~*~*~tactically~*~*~ (stealth).
  4975 | D:6      | 4975 ||| Stepping ~*~*~tactically~*~*~ (stealth).
  4982 | D:6      | 4982 ||| Stepping ~*~*~tactically~*~*~ (stealth).
  5158 | D:6      | 5158 ||| Stepping ~*~*~tactically~*~*~ (stealth).
  5159 | D:6      | 5159 ||| Stepping ~*~*~tactically~*~*~ (stealth).
  5160 | D:6      | 5160 ||| Stepping ~*~*~tactically~*~*~ (stealth).
  5162 | D:6      | 5162 ||| Stepping ~*~*~tactically~*~*~ (stealth).
  5169 | D:6      | 5169 ||| Stepping ~*~*~tactically~*~*~ (outnumbered).
  5170 | D:6      | 5170 ||| Stepping ~*~*~tactically~*~*~ (outnumbered).
  5175 | D:6      | Reached XP level 9. HP: 58/89 MP: 9/9
  5178 | D:6      | 5178 ||| INVOKING Fiery Armour.
  5178 | D:6      | HP: 20/89 [yak (13)]
  5179 | D:6      | 5179 ||| DRINKING 4 potions of heal wounds.
  5182 | D:6      | Reached skill level 6 in Shields
  5304 | D:6      | Reached skill level 1 in Throwing
  5311 | D:6      | Identified the +7 trident "Ofyenona" {freeze, Str+5 Dex+4}
  5336 | D:6      | Identified the +7 flail "Ohiboluu" {freeze, rElec Int+3}
  5743 | D:6      | 5743 ||| UPGRADING to +0 cloak.
  5748 | D:6      | 5748 ||| READING scroll of enchant armour.
  5748 | D:6      | 5748 ||| ENCHANTING +0 cloak.
  5749 | D:6      | 5749 ||| READING 2 scrolls of identify.
  5749 | D:6      | 5749 ||| IDENTIFYING fizzy silvery potion
  5750 | D:6      | 5750 ||| DRINKING potion of experience.
  5750 | D:6      | Reached skill level 12 in Shields
  5750 | D:6      | Reached XP level 10. HP: 100/100 MP: 10/10
  5831 | D:7      | Found a white marble altar of Elyvilon.
  5904 | D:7      | Found a staircase to the Ecumenical Temple.
  6030 | D:7      | 6030 ||| Stepping ~*~*~tactically~*~*~ (hiding).
  6032 | D:7      | 6032 ||| Stepping ~*~*~tactically~*~*~ (outnumbered).
  6033 | D:7      | 6033 ||| Stepping ~*~*~tactically~*~*~ (outnumbered).
  6034 | D:7      | 6034 ||| INVOKING Fiery Armour.
  6035 | D:7      | 6035 ||| Stepping ~*~*~tactically~*~*~ (outnumbered).
  6036 | D:7      | 6036 ||| Stepping ~*~*~tactically~*~*~ (outnumbered).
  6037 | D:7      | 6037 ||| Stepping ~*~*~tactically~*~*~ (outnumbered).
  6038 | D:7      | 6038 ||| Stepping ~*~*~tactically~*~*~ (outnumbered).
  6039 | D:7      | 6039 ||| Stepping ~*~*~tactically~*~*~ (outnumbered).
  6040 | D:7      | 6040 ||| Stepping ~*~*~tactically~*~*~ (outnumbered).
  6041 | D:7      | 6041 ||| Stepping ~*~*~tactically~*~*~ (outnumbered).
  6042 | D:7      | 6042 ||| Stepping ~*~*~tactically~*~*~ (outnumbered).
  6043 | D:7      | 6043 ||| Stepping ~*~*~tactically~*~*~ (outnumbered).
  6044 | D:7      | 6044 ||| Stepping ~*~*~tactically~*~*~ (outnumbered).
  6054 | D:7      | Reached skill level 10 in Unarmed Combat
  6174 | D:7      | Found a flagged portal.
  6466 | D:7      | 6466 ||| READING scroll of enchant armour.
  6466 | D:7      | 6466 ||| ENCHANTING +1 cloak.
  6774 | D:7      | 6774 ||| DROPPING ring of magical power.
  6775 | D:7      | 6775 ||| READING scroll labelled QAERUNWECVU.
  6780 | D:7      | 6780 ||| DRINKING 3 green potions.
  6781 | D:7      | 6781 ||| DROPPING 2 potions of flight.
  6823 | D:8      | 6823 ||| Stepping ~*~*~tactically~*~*~ (stealth).
  6827 | D:8      | 6827 ||| Stepping ~*~*~tactically~*~*~ (stealth).
  6932 | D:8      | 6932 ||| Stepping ~*~*~tactically~*~*~ (stealth).
  6973 | D:8      | 6973 ||| Stepping ~*~*~tactically~*~*~ (hiding).
  6974 | D:8      | 6974 ||| Stepping ~*~*~tactically~*~*~ (hiding).
  6976 | D:8      | 6976 ||| Stepping ~*~*~tactically~*~*~ (outnumbered).
  7030 | D:8      | 7030 ||| FLEEEEING.
  7031 | D:8      | 7031 ||| FLEEEEING.
  7039 | D:8      | 7039 ||| Stepping ~*~*~tactically~*~*~ (stealth).
  7042 | D:8      | Reached skill level 3 in Throwing
  7185 | D:8      | 7185 ||| Stepping ~*~*~tactically~*~*~ (stealth).
  7187 | D:8      | 7187 ||| Stepping ~*~*~tactically~*~*~ (stealth).
  7190 | D:8      | 7190 ||| Stepping ~*~*~tactically~*~*~ (stealth).
  7192 | D:8      | 7192 ||| Stepping ~*~*~tactically~*~*~ (stealth).
  7198 | D:8      | 7198 ||| Stepping ~*~*~tactically~*~*~ (stealth).
  7210 | D:8      | 7210 ||| Stepping ~*~*~tactically~*~*~ (stealth).
  7214 | D:8      | 7214 ||| Stepping ~*~*~tactically~*~*~ (stealth).
  7699 | D:8      | 7699 ||| UPGRADING to +6 ring of dexterity.
  7700 | D:8      | 7700 ||| READING scroll labelled DOTSEOWOYS.
  7708 | D:9      | Found a glowing golden altar of the Shining One.
  7708 | D:9      | Found an iron altar of Okawaru.
  7708 | D:9      | Found a stormy altar of Qazlal.
  7719 | D:9      | Noticed Maurice
  7720 | D:9      | 7720 ||| INVOKING Fiery Armour.
  7720 | D:9      | Noticed a two-headed ogre
  7721 | D:9      | 7721 ||| Stepping ~*~*~tactically~*~*~ (stealth).
  7722 | D:9      | 7722 ||| Stepping ~*~*~tactically~*~*~ (hiding).
  7724 | D:9      | 7724 ||| Stepping ~*~*~tactically~*~*~ (hiding).
  7725 | D:9      | 7725 ||| Stepping ~*~*~tactically~*~*~ (hiding).
  7726 | D:9      | 7726 ||| Stepping ~*~*~tactically~*~*~ (outnumbered).
  7727 | D:9      | 7727 ||| Stepping ~*~*~tactically~*~*~ (hiding).
  7728 | D:9      | 7728 ||| Stepping ~*~*~tactically~*~*~ (outnumbered).
  7729 | D:9      | 7729 ||| Stepping ~*~*~tactically~*~*~ (outnumbered).
  7743 | D:9      | Noticed Prince Ribbit
  7758 | D:9      | Killed Prince Ribbit
  7764 | D:9      | Killed a two-headed ogre
  7771 | D:9      | Killed Maurice
  7775 | D:9      | Reached XP level 11. HP: 47/110 MP: 11/11
  7781 | D:9      | Noticed Erica
  7789 | D:9      | Killed Erica
  7790 | D:9      | Reached skill level 11 in Unarmed Combat
  7868 | D:9      | 7868 ||| INVOKING Fiery Armour.
  7909 | D:9      | 7909 ||| FLEEEEING.
  7911 | D:9      | 7911 ||| STAIRDANCE
  7943 | D:8      | 7943 ||| READING 2 scrolls of identify.
  7943 | D:8      | 7943 ||| IDENTIFYING emerald potion
  7944 | D:8      | 7944 ||| DROPPING potion of magic.
  7950 | D:9      | 7950 ||| STAIRDANCE
  7958 | D:9      | 7958 ||| Stepping ~*~*~tactically~*~*~ (stealth).
  7959 | D:9      | 7959 ||| Stepping ~*~*~tactically~*~*~ (stealth).
  7966 | D:9      | 7966 ||| Stepping ~*~*~tactically~*~*~ (hiding).
  7967 | D:9      | 7967 ||| Stepping ~*~*~tactically~*~*~ (stealth).
  7979 | D:9      | 7979 ||| Stepping ~*~*~tactically~*~*~ (outnumbered).
  7980 | D:9      | 7980 ||| Stepping ~*~*~tactically~*~*~ (outnumbered).
  7984 | D:9      | 7984 ||| Stepping ~*~*~tactically~*~*~ (outnumbered).
  8002 | D:9      | Found a staircase to the Orcish Mines.
  8124 | D:9      | 8124 ||| Stepping ~*~*~tactically~*~*~ (stealth).
  8128 | D:9      | 8128 ||| Stepping ~*~*~tactically~*~*~ (stealth).
  8484 | D:9      | 8484 ||| DROPPING ring of flight.
  8485 | D:9      | 8485 ||| READING 2 scrolls of identify.
  8485 | D:9      | 8485 ||| IDENTIFYING bubbling emerald potion
  8486 | D:9      | 8486 ||| DROPPING potion of lignification.
  8515 | D:10     | Entered Level 10 of the Dungeon
  8530 | D:10     | 8530 ||| INVOKING Fiery Armour.
  8532 | D:10     | Noticed a sixfirhy
  8534 | D:10     | Noticed a sun demon
  8548 | D:10     | 8548 ||| FLEEEEING.
  8549 | D:10     | 8549 ||| FLEEEEING.
  8550 | D:10     | 8550 ||| FLEEEEING.
  8551 | D:10     | 8551 ||| FLEEEEING.
  8552 | D:10     | 8552 ||| FLEEEEING.
  8553 | D:10     | 8553 ||| STAIRDANCE
  8576 | D:10     | 8576 ||| STAIRDANCE
  8581 | D:10     | 8581 ||| STAIRDANCE
  8583 | D:9      | 8583 ||| Stepping ~*~*~tactically~*~*~ (outnumbered).
  8584 | D:9      | 8584 ||| Stepping ~*~*~tactically~*~*~ (outnumbered).
  8585 | D:9      | 8585 ||| Stepping ~*~*~tactically~*~*~ (outnumbered).
  8594 | D:9      | 8594 ||| Stepping ~*~*~tactically~*~*~ (outnumbered).
  8596 | D:9      | 8596 ||| Stepping ~*~*~tactically~*~*~ (outnumbered).
  8610 | D:10     | 8610 ||| STAIRDANCE
  8620 | D:10     | 8620 ||| STAIRDANCE
  8624 | D:10     | 8624 ||| STAIRDANCE
  8650 | D:10     | 8650 ||| Stepping ~*~*~tactically~*~*~ (stealth).
  8652 | D:10     | 8652 ||| Stepping ~*~*~tactically~*~*~ (stealth).
  8655 | D:10     | 8655 ||| Stepping ~*~*~tactically~*~*~ (stealth).
  8677 | D:10     | Noticed a two-headed ogre
  8678 | D:10     | 8678 ||| Stepping ~*~*~tactically~*~*~ (stealth).
  8694 | D:10     | 8694 ||| Stepping ~*~*~tactically~*~*~ (stealth).
  8696 | D:10     | 8696 ||| Stepping ~*~*~tactically~*~*~ (stealth).
  8700 | D:10     | 8700 ||| Stepping ~*~*~tactically~*~*~ (stealth).
  8703 | D:10     | Killed a two-headed ogre
  8704 | D:10     | Reached skill level 12 in Unarmed Combat
  8712 | D:10     | 8712 ||| Stepping ~*~*~tactically~*~*~ (outnumbered).
  8778 | D:10     | Found a staircase to the Lair.
  8783 | D:10     | Noticed Erolcha
  8784 | D:10     | 8784 ||| INVOKING Fiery Armour.
  8806 | D:10     | Killed Erolcha
  8829 | D:10     | Noticed Maggie
  8834 | D:10     | Killed Maggie
  8958 | D:10     | Noticed Snorg
  8962 | D:10     | Found Umeosch's Assorted Antiques.
  9082 | D:10     | Noticed a two-headed ogre
  9087 | D:10     | Killed a two-headed ogre
  9196 | D:10     | 9196 ||| Stepping ~*~*~tactically~*~*~ (hiding).
  9298 | D:10     | 9298 ||| Stepping ~*~*~tactically~*~*~ (hiding).
  9400 | D:10     | 9400 ||| Stepping ~*~*~tactically~*~*~ (hiding).
  9706 | D:10     | Noticed a two-headed ogre
  9712 | D:10     | Killed a two-headed ogre
  9745 | D:10     | Noticed a two-headed ogre
  9746 | D:10     | Noticed a two-headed ogre
  9747 | D:10     | 9747 ||| INVOKING Fiery Armour.
  9751 | D:10     | Killed a two-headed ogre
  9758 | D:10     | Killed a two-headed ogre
  9759 | D:10     | Reached skill level 13 in Unarmed Combat
  9989 | D:10     | 9989 ||| UPGRADING to +0 swamp dragon scales.
  9999 | D:10     | 9999 ||| DROPPING +0 robe.
 10000 | D:10     | 10000 ||| DROPPING +0 troll leather armour.
 10038 | D:10     | 10038 ||| READING 4 scrolls of teleportation.
 10039 | D:10     | 10039 ||| STAIRDANCE
 10059 | D:10     | 10059 ||| READING 3 scrolls of teleportation.
 10060 | D:10     | 10060 ||| STAIRDANCE
 10106 | D:11     | Noticed a red ugly thing
 10107 | D:11     | 10107 ||| STAIRDANCE
 10113 | D:10     | Reached skill level 1 in Armour
 10115 | D:11     | 10115 ||| Stepping ~*~*~tactically~*~*~ (outnumbered).
 10116 | D:11     | 10116 ||| Stepping ~*~*~tactically~*~*~ (outnumbered).
 10117 | D:11     | 10117 ||| Stepping ~*~*~tactically~*~*~ (outnumbered).
 10118 | D:11     | 10118 ||| Stepping ~*~*~tactically~*~*~ (outnumbered).
 10126 | D:11     | 10126 ||| INVOKING Fiery Armour.
 10126 | D:11     | HP: 25/114 [yak (9)]
 10127 | D:11     | 10127 ||| READING 2 scrolls of teleportation.
 10128 | D:11     | 10128 ||| DRINKING 3 potions of heal wounds.
 10198 | D:11     | 10198 ||| Stepping ~*~*~tactically~*~*~ (hiding).
 10199 | D:11     | 10199 ||| Stepping ~*~*~tactically~*~*~ (hiding).
 10250 | D:11     | 10250 ||| Stepping ~*~*~tactically~*~*~ (stealth).
 10253 | D:11     | Reached XP level 12. HP: 122/122 MP: 12/12
 10257 | D:11     | 10257 ||| Stepping ~*~*~tactically~*~*~ (hiding).
 10371 | D:11     | Noticed a two-headed ogre
 10378 | D:11     | Killed a two-headed ogre
 10458 | D:11     | 10458 ||| Stepping ~*~*~tactically~*~*~ (outnumbered).
 10459 | D:11     | 10459 ||| Stepping ~*~*~tactically~*~*~ (outnumbered).
 10462 | D:11     | 10462 ||| Stepping ~*~*~tactically~*~*~ (outnumbered).
 10463 | D:11     | 10463 ||| Stepping ~*~*~tactically~*~*~ (outnumbered).
 10464 | D:11     | 10464 ||| Stepping ~*~*~tactically~*~*~ (outnumbered).
 10520 | D:11     | 10520 ||| Stepping ~*~*~tactically~*~*~ (stealth).
 10597 | D:11     | Noticed a two-headed ogre
 10600 | D:11     | Killed a two-headed ogre
 10741 | D:11     | Reached skill level 14 in Unarmed Combat
 10775 | D:11     | Noticed a two-headed ogre
 10778 | D:11     | 10778 ||| FLEEEEING.
 10779 | D:11     | 10779 ||| FLEEEEING.
 10781 | D:11     | 10781 ||| INVOKING Fiery Armour.
 10782 | D:11     | 10782 ||| Stepping ~*~*~tactically~*~*~ (outnumbered).
 10783 | D:11     | 10783 ||| Stepping ~*~*~tactically~*~*~ (outnumbered).
 10786 | D:11     | Killed a two-headed ogre
 10787 | D:11     | Reached skill level 3 in Armour
 10788 | D:11     | 10788 ||| FLEEEEING.
 10789 | D:11     | 10789 ||| FLEEEEING.
 10790 | D:11     | 10790 ||| FLEEEEING.
 10793 | D:11     | Noticed an ogre mage
 10805 | D:11     | 10805 ||| FLEEEEING.
 10806 | D:11     | 10806 ||| FLEEEEING.
 10807 | D:11     | 10807 ||| FLEEEEING.
 10808 | D:11     | 10808 ||| FLEEEEING.
 10809 | D:11     | Paralysed by something for 5 turns
 10814 | D:11     | 10814 ||| FLEEEEING.
 10815 | D:11     | 10815 ||| FLEEEEING.
 10816 | D:11     | 10816 ||| FLEEEEING.
 10817 | D:11     | 10817 ||| FLEEEEING.
 10819 | D:11     | 10819 ||| FLEEEEING.
 10822 | D:11     | 10822 ||| FLEEEEING.
 10825 | D:11     | 10825 ||| FLEEEEING.
 10826 | D:11     | 10826 ||| FLEEEEING.
 10827 | D:11     | 10827 ||| FLEEEEING.
 10828 | D:11     | 10828 ||| FLEEEEING.
 10829 | D:11     | 10829 ||| FLEEEEING.
 10830 | D:11     | 10830 ||| FLEEEEING.
 10834 | D:11     | 10834 ||| FLEEEEING.
 10835 | D:11     | 10835 ||| STAIRDANCE
 10837 | D:10     | 10837 ||| PLANNING LAIR
 10837 | D:10     | 10837 ||| Stepping ~*~*~tactically~*~*~ (outnumbered).
 10844 | D:10     | HP: 28/124 [Snorg (15)]
 10845 | D:10     | 10845 ||| READING 2 scrolls of teleportation.
 10845 | D:10     | Killed Snorg
 10846 | D:10     | Reached skill level 6 in Fighting
 10846 | D:10     | 10846 ||| DRINKING 2 potions of heal wounds.
 10950 | D:10     | 10950 ||| Invisible monster not found???
 10950 | D:10     | 10950 ||| UPGRADING to +2 hat.
 10968 | Lair:1   | Entered Level 1 of the Lair of Beasts
 10978 | Lair:1   | 10978 ||| INVOKING Fiery Armour.
 10991 | Lair:1   | Reached skill level 3 in Dodging
 11048 | Lair:1   | 11048 ||| Stepping ~*~*~tactically~*~*~ (outnumbered).
 11049 | Lair:1   | 11049 ||| Stepping ~*~*~tactically~*~*~ (outnumbered).
 11095 | Lair:1   | Found a dark tunnel.
 11096 | Lair:1   | 11096 ||| PLANNING CONVERSION TO OKAWARU
 11096 | Lair:1   | 11096 ||| READING 3 scrolls of identify.
 11096 | Lair:1   | 11096 ||| IDENTIFYING fuming ruby potion
 11097 | Lair:1   | 11097 ||| READING scroll of teleportation.
 11100 | Lair:1   | 11100 ||| Stepping randomly (stuck).
 11101 | Lair:1   | 11101 ||| Stepping randomly (stuck).
 11102 | Lair:1   | 11102 ||| Stepping randomly (stuck).
 11103 | Lair:1   | 11103 ||| Stepping randomly (stuck).
 11104 | Lair:1   | 11104 ||| Stepping randomly (stuck).
 11105 | Lair:1   | 11105 ||| Stepping randomly (stuck).
 11106 | Lair:1   | 11106 ||| Stepping randomly (stuck).
 11107 | Lair:1   | 11107 ||| Stepping randomly (stuck).
 11108 | Lair:1   | 11108 ||| Stepping randomly (stuck).
 11109 | Lair:1   | 11109 ||| Stepping randomly (stuck).
 11110 | Lair:1   | 11110 ||| Stepping randomly (stuck).
 11111 | Lair:1   | 11111 ||| Stepping randomly (stuck).
 11112 | Lair:1   | 11112 ||| Stepping randomly (stuck).
 11113 | Lair:1   | 11113 ||| Stepping randomly (stuck).
 11114 | Lair:1   | 11114 ||| Stepping randomly (stuck).
 11115 | Lair:1   | 11115 ||| Stepping randomly (stuck).
 11116 | Lair:1   | 11116 ||| Stepping randomly (stuck).
 11117 | Lair:1   | 11117 ||| Stepping randomly (stuck).
 11118 | Lair:1   | 11118 ||| Stepping randomly (stuck).
 11119 | Lair:1   | 11119 ||| Stepping randomly (stuck).
 11120 | Lair:1   | 11120 ||| Stepping randomly (stuck).
 11121 | Lair:1   | 11121 ||| Stepping randomly (stuck).
 11122 | Lair:1   | 11122 ||| Stepping randomly (stuck).
 11123 | Lair:1   | 11123 ||| Stepping randomly (stuck).
 11124 | Lair:1   | 11124 ||| Stepping randomly (stuck).
 11125 | Lair:1   | 11125 ||| Stepping randomly (stuck).
 11126 | Lair:1   | 11126 ||| Stepping randomly (stuck).
 11127 | Lair:1   | 11127 ||| Stepping randomly (stuck).
 11128 | Lair:1   | 11128 ||| Stepping randomly (stuck).
 11129 | Lair:1   | 11129 ||| Stepping randomly (stuck).
 11130 | Lair:1   | 11130 ||| Stepping randomly (stuck).
 11131 | Lair:1   | 11131 ||| Stepping randomly (stuck).
 11132 | Lair:1   | 11132 ||| Stepping randomly (stuck).
 11133 | Lair:1   | 11133 ||| Stepping randomly (stuck).
 11134 | Lair:1   | 11134 ||| Stepping randomly (stuck).
 11135 | Lair:1   | 11135 ||| Stepping randomly (stuck).
 11136 | Lair:1   | 11136 ||| Stepping randomly (stuck).
 11137 | Lair:1   | 11137 ||| Stepping randomly (stuck).
 11138 | Lair:1   | 11138 ||| Stepping randomly (stuck).
 11139 | Lair:1   | 11139 ||| Stepping randomly (stuck).
 11140 | Lair:1   | 11140 ||| Stepping randomly (stuck).
 11141 | Lair:1   | 11141 ||| Stepping randomly (stuck).
 11142 | Lair:1   | 11142 ||| Stepping randomly (stuck).
 11143 | Lair:1   | 11143 ||| Stepping randomly (stuck).
 11144 | Lair:1   | 11144 ||| Stepping randomly (stuck).
 11145 | Lair:1   | 11145 ||| Stepping randomly (stuck).
 11146 | Lair:1   | 11146 ||| Stepping randomly (stuck).
 11147 | Lair:1   | 11147 ||| Stepping randomly (stuck).
 11148 | Lair:1   | 11148 ||| Stepping randomly (stuck).
 11149 | Lair:1   | 11149 ||| Stepping randomly (stuck).
 11150 | Lair:1   | 11150 ||| Stepping randomly (stuck).
 11151 | Lair:1   | 11151 ||| Stepping randomly (stuck).
 11152 | Lair:1   | 11152 ||| Stepping randomly (stuck).
 11153 | Lair:1   | 11153 ||| Stepping randomly (stuck).
 11154 | Lair:1   | 11154 ||| Stepping randomly (stuck).
 11155 | Lair:1   | 11155 ||| Stepping randomly (stuck).
 11156 | Lair:1   | 11156 ||| Stepping randomly (stuck).
 11157 | Lair:1   | 11157 ||| Stepping randomly (stuck).
 11158 | Lair:1   | 11158 ||| Stepping randomly (stuck).
 11159 | Lair:1   | 11159 ||| Stepping randomly (stuck).
 11160 | Lair:1   | 11160 ||| Stepping randomly (stuck).
 11161 | Lair:1   | 11161 ||| Stepping randomly (stuck).
 11162 | Lair:1   | 11162 ||| Stepping randomly (stuck).
 11163 | Lair:1   | 11163 ||| Stepping randomly (stuck).
 11164 | Lair:1   | 11164 ||| Stepping randomly (stuck).
 11165 | Lair:1   | 11165 ||| Stepping randomly (stuck).
 11166 | Lair:1   | 11166 ||| Stepping randomly (stuck).
 11167 | Lair:1   | 11167 ||| Stepping randomly (stuck).
 11168 | Lair:1   | 11168 ||| Stepping randomly (stuck).
 11169 | Lair:1   | 11169 ||| Stepping randomly (stuck).
 11170 | Lair:1   | 11170 ||| Stepping randomly (stuck).
 11171 | Lair:1   | 11171 ||| Stepping randomly (stuck).
 11172 | Lair:1   | 11172 ||| Stepping randomly (stuck).
 11173 | Lair:1   | 11173 ||| Stepping randomly (stuck).
 11174 | Lair:1   | 11174 ||| Stepping randomly (stuck).
 11175 | Lair:1   | 11175 ||| Stepping randomly (stuck).
 11176 | Lair:1   | 11176 ||| Stepping randomly (stuck).
 11177 | Lair:1   | 11177 ||| Stepping randomly (stuck).
 11178 | Lair:1   | 11178 ||| Stepping randomly (stuck).
 11179 | Lair:1   | 11179 ||| Stepping randomly (stuck).
 11180 | Lair:1   | 11180 ||| Stepping randomly (stuck).
 11181 | Lair:1   | 11181 ||| Stepping randomly (stuck).
 11182 | Lair:1   | 11182 ||| Stepping randomly (stuck).
 11183 | Lair:1   | 11183 ||| Stepping randomly (stuck).
 11184 | Lair:1   | 11184 ||| Stepping randomly (stuck).
 11185 | Lair:1   | 11185 ||| Stepping randomly (stuck).
 11186 | Lair:1   | 11186 ||| Stepping randomly (stuck).
 11187 | Lair:1   | 11187 ||| Stepping randomly (stuck).
 11188 | Lair:1   | 11188 ||| Stepping randomly (stuck).
 11189 | Lair:1   | 11189 ||| Stepping randomly (stuck).
 11190 | Lair:1   | 11190 ||| Stepping randomly (stuck).
 11191 | Lair:1   | 11191 ||| Stepping randomly (stuck).
 11192 | Lair:1   | 11192 ||| Stepping randomly (stuck).
 11193 | Lair:1   | 11193 ||| Stepping randomly (stuck).
 11194 | Lair:1   | 11194 ||| Stepping randomly (stuck).
 11195 | Lair:1   | 11195 ||| Stepping randomly (stuck).
 11196 | Lair:1   | 11196 ||| Stepping randomly (stuck).
 11197 | Lair:1   | 11197 ||| Stepping randomly (stuck).
 11198 | Lair:1   | 11198 ||| Stepping randomly (stuck).
 11199 | Lair:1   | 11199 ||| Stepping randomly (stuck).
 11200 | Lair:1   | 11200 ||| Stepping randomly (stuck).
 11201 | Lair:1   | 11201 ||| Stepping randomly (stuck).
 11202 | Lair:1   | 11202 ||| Stepping randomly (stuck).
 11203 | Lair:1   | 11203 ||| Stepping randomly (stuck).
 11204 | Lair:1   | 11204 ||| Stepping randomly (stuck).
 11205 | Lair:1   | 11205 ||| Stepping randomly (stuck).
 11206 | Lair:1   | 11206 ||| Stepping randomly (stuck).
 11207 | Lair:1   | 11207 ||| Stepping randomly (stuck).
 11219 | Lair:1   | 11219 ||| Stepping randomly (stuck).
 11220 | Lair:1   | 11220 ||| Stepping randomly (stuck).
 11221 | Lair:1   | 11221 ||| Stepping randomly (stuck).
 11222 | Lair:1   | 11222 ||| Stepping randomly (stuck).
 11223 | Lair:1   | 11223 ||| Stepping randomly (stuck).
 11224 | Lair:1   | 11224 ||| Stepping randomly (stuck).
 11225 | Lair:1   | 11225 ||| Stepping randomly (stuck).
 11226 | Lair:1   | 11226 ||| Stepping randomly (stuck).
 11227 | Lair:1   | 11227 ||| Stepping randomly (stuck).
 11228 | Lair:1   | 11228 ||| Stepping randomly (stuck).
 11229 | Lair:1   | 11229 ||| Stepping randomly (stuck).
 11230 | Lair:1   | 11230 ||| Stepping randomly (stuck).
 11231 | Lair:1   | 11231 ||| Stepping randomly (stuck).
 11232 | Lair:1   | 11232 ||| Stepping randomly (stuck).
 11233 | Lair:1   | 11233 ||| Stepping randomly (stuck).
 11234 | Lair:1   | 11234 ||| Stepping randomly (stuck).
 11235 | Lair:1   | 11235 ||| Stepping randomly (stuck).
 11236 | Lair:1   | 11236 ||| Stepping randomly (stuck).
 11237 | Lair:1   | 11237 ||| Stepping randomly (stuck).
 11238 | Lair:1   | 11238 ||| Stepping randomly (stuck).
 11239 | Lair:1   | 11239 ||| Stepping randomly (stuck).
 11240 | Lair:1   | 11240 ||| Stepping randomly (stuck).
 11241 | Lair:1   | 11241 ||| Stepping randomly (stuck).
 11242 | Lair:1   | 11242 ||| Stepping randomly (stuck).
 11243 | Lair:1   | 11243 ||| Stepping randomly (stuck).
 11244 | Lair:1   | 11244 ||| Stepping randomly (stuck).
 11245 | Lair:1   | 11245 ||| Stepping randomly (stuck).
 11246 | Lair:1   | 11246 ||| Stepping randomly (stuck).
 11247 | Lair:1   | 11247 ||| Stepping randomly (stuck).
 11248 | Lair:1   | 11248 ||| Stepping randomly (stuck).
 11249 | Lair:1   | 11249 ||| Stepping randomly (stuck).
 11250 | Lair:1   | 11250 ||| Stepping randomly (stuck).
 11251 | Lair:1   | 11251 ||| Stepping randomly (stuck).
 11252 | Lair:1   | 11252 ||| Stepping randomly (stuck).
 11253 | Lair:1   | 11253 ||| Stepping randomly (stuck).
 11254 | Lair:1   | 11254 ||| Stepping randomly (stuck).
 11255 | Lair:1   | 11255 ||| Stepping randomly (stuck).
 11256 | Lair:1   | 11256 ||| Stepping randomly (stuck).
 11257 | Lair:1   | 11257 ||| Stepping randomly (stuck).
 11258 | Lair:1   | 11258 ||| Stepping randomly (stuck).
 11259 | Lair:1   | 11259 ||| Stepping randomly (stuck).
 11260 | Lair:1   | 11260 ||| Stepping randomly (stuck).
 11261 | Lair:1   | 11261 ||| Stepping randomly (stuck).
 11262 | Lair:1   | 11262 ||| Stepping randomly (stuck).
 11263 | Lair:1   | 11263 ||| Stepping randomly (stuck).
 11264 | Lair:1   | 11264 ||| Stepping randomly (stuck).
 11265 | Lair:1   | 11265 ||| Stepping randomly (stuck).
 11266 | Lair:1   | 11266 ||| Stepping randomly (stuck).
 11267 | Lair:1   | 11267 ||| Stepping randomly (stuck).
 11268 | Lair:1   | 11268 ||| Stepping randomly (stuck).
 11269 | Lair:1   | 11269 ||| Stepping randomly (stuck).
 11270 | Lair:1   | 11270 ||| Stepping randomly (stuck).
 11271 | Lair:1   | 11271 ||| Stepping randomly (stuck).
 11272 | Lair:1   | 11272 ||| Stepping randomly (stuck).
 11273 | Lair:1   | 11273 ||| Stepping randomly (stuck).
 11274 | Lair:1   | 11274 ||| Stepping randomly (stuck).
 11275 | Lair:1   | 11275 ||| Stepping randomly (stuck).
 11276 | Lair:1   | 11276 ||| Stepping randomly (stuck).
 11277 | Lair:1   | 11277 ||| Stepping randomly (stuck).
 11278 | Lair:1   | 11278 ||| Stepping randomly (stuck).
 11279 | Lair:1   | 11279 ||| Stepping randomly (stuck).
 11280 | Lair:1   | 11280 ||| Stepping randomly (stuck).
 11281 | Lair:1   | 11281 ||| Stepping randomly (stuck).
 11282 | Lair:1   | 11282 ||| Stepping randomly (stuck).
 11283 | Lair:1   | 11283 ||| Stepping randomly (stuck).
 11284 | Lair:1   | 11284 ||| Stepping randomly (stuck).
 11285 | Lair:1   | 11285 ||| Stepping randomly (stuck).
 11286 | Lair:1   | 11286 ||| Stepping randomly (stuck).
 11287 | Lair:1   | 11287 ||| Stepping randomly (stuck).
 11288 | Lair:1   | 11288 ||| Stepping randomly (stuck).
 11289 | Lair:1   | 11289 ||| Stepping randomly (stuck).
 11290 | Lair:1   | 11290 ||| Stepping randomly (stuck).
 11291 | Lair:1   | 11291 ||| Stepping randomly (stuck).
 11292 | Lair:1   | 11292 ||| Stepping randomly (stuck).
 11293 | Lair:1   | 11293 ||| Stepping randomly (stuck).
 11294 | Lair:1   | 11294 ||| Stepping randomly (stuck).
 11295 | Lair:1   | 11295 ||| Stepping randomly (stuck).
 11296 | Lair:1   | 11296 ||| Stepping randomly (stuck).
 11297 | Lair:1   | 11297 ||| Stepping randomly (stuck).
 11298 | Lair:1   | 11298 ||| Stepping randomly (stuck).
 11299 | Lair:1   | 11299 ||| Stepping randomly (stuck).
 11300 | Lair:1   | 11300 ||| Stepping randomly (stuck).
 11301 | Lair:1   | 11301 ||| Stepping randomly (stuck).
 11302 | Lair:1   | 11302 ||| Stepping randomly (stuck).
 11303 | Lair:1   | 11303 ||| Stepping randomly (stuck).
 11304 | Lair:1   | 11304 ||| Stepping randomly (stuck).
 11305 | Lair:1   | 11305 ||| Stepping randomly (stuck).
 11306 | Lair:1   | 11306 ||| Stepping randomly (stuck).
 11307 | Lair:1   | 11307 ||| Stepping randomly (stuck).
 11308 | Lair:1   | 11308 ||| Stepping randomly (stuck).
 11309 | Lair:1   | 11309 ||| Stepping randomly (stuck).
 11310 | Lair:1   | 11310 ||| Stepping randomly (stuck).
 11311 | Lair:1   | 11311 ||| Stepping randomly (stuck).
 11312 | Lair:1   | 11312 ||| Stepping randomly (stuck).
 11313 | Lair:1   | 11313 ||| Stepping randomly (stuck).
 11314 | Lair:1   | 11314 ||| Stepping randomly (stuck).
 11315 | Lair:1   | 11315 ||| Stepping randomly (stuck).
 11316 | Lair:1   | 11316 ||| Stepping randomly (stuck).
 11317 | Lair:1   | 11317 ||| Stepping randomly (stuck).
 11318 | Lair:1   | 11318 ||| Stepping randomly (stuck).
 11319 | Lair:1   | 11319 ||| Stepping randomly (stuck).
 11320 | Lair:1   | 11320 ||| Stepping randomly (stuck).
 11321 | Lair:1   | 11321 ||| Stepping randomly (stuck).
 11322 | Lair:1   | 11322 ||| Stepping randomly (stuck).
 11323 | Lair:1   | 11323 ||| Stepping randomly (stuck).
 11324 | Lair:1   | 11324 ||| Stepping randomly (stuck).
 11325 | Lair:1   | 11325 ||| Stepping randomly (stuck).
 11326 | Lair:1   | 11326 ||| Stepping randomly (stuck).
 11327 | Lair:1   | 11327 ||| Stepping randomly (stuck).
 11328 | Lair:1   | 11328 ||| Stepping randomly (stuck).
 11329 | Lair:1   | 11329 ||| Stepping randomly (stuck).
 11330 | Lair:1   | 11330 ||| Stepping randomly (stuck).
 11331 | Lair:1   | 11331 ||| Stepping randomly (stuck).
 11332 | Lair:1   | 11332 ||| Stepping randomly (stuck).
 11333 | Lair:1   | 11333 ||| Stepping randomly (stuck).
 11334 | Lair:1   | 11334 ||| Stepping randomly (stuck).
 11335 | Lair:1   | 11335 ||| Stepping randomly (stuck).
 11336 | Lair:1   | 11336 ||| Stepping randomly (stuck).
 11337 | Lair:1   | 11337 ||| Stepping randomly (stuck).
 11338 | Lair:1   | 11338 ||| Stepping randomly (stuck).
 11339 | Lair:1   | 11339 ||| Stepping randomly (stuck).
 11340 | Lair:1   | 11340 ||| Stepping randomly (stuck).
 11341 | Lair:1   | 11341 ||| Stepping randomly (stuck).
 11342 | Lair:1   | 11342 ||| Stepping randomly (stuck).
 11343 | Lair:1   | 11343 ||| Stepping randomly (stuck).
 11344 | Lair:1   | 11344 ||| Stepping randomly (stuck).
 11345 | Lair:1   | 11345 ||| Stepping randomly (stuck).
 11346 | Lair:1   | 11346 ||| Stepping randomly (stuck).
 11347 | Lair:1   | 11347 ||| Stepping randomly (stuck).
 11348 | Lair:1   | 11348 ||| Stepping randomly (stuck).
 11349 | Lair:1   | 11349 ||| Stepping randomly (stuck).
 11350 | Lair:1   | 11350 ||| Stepping randomly (stuck).
 11351 | Lair:1   | 11351 ||| Stepping randomly (stuck).
 11352 | Lair:1   | 11352 ||| Stepping randomly (stuck).
 11353 | Lair:1   | 11353 ||| Stepping randomly (stuck).
 11354 | Lair:1   | 11354 ||| Stepping randomly (stuck).
 11355 | Lair:1   | 11355 ||| Stepping randomly (stuck).
 11356 | Lair:1   | 11356 ||| Stepping randomly (stuck).
 11357 | Lair:1   | 11357 ||| Stepping randomly (stuck).
 11358 | Lair:1   | 11358 ||| Stepping randomly (stuck).
 11359 | Lair:1   | 11359 ||| Stepping randomly (stuck).
 11360 | Lair:1   | 11360 ||| Stepping randomly (stuck).
 11361 | Lair:1   | 11361 ||| Stepping randomly (stuck).
 11362 | Lair:1   | 11362 ||| Stepping randomly (stuck).
 11363 | Lair:1   | 11363 ||| Stepping randomly (stuck).
 11364 | Lair:1   | 11364 ||| Stepping randomly (stuck).
 11365 | Lair:1   | 11365 ||| Stepping randomly (stuck).
 11366 | Lair:1   | 11366 ||| Stepping randomly (stuck).
 11367 | Lair:1   | 11367 ||| Stepping randomly (stuck).
 11368 | Lair:1   | 11368 ||| Stepping randomly (stuck).
 11369 | Lair:1   | 11369 ||| Stepping randomly (stuck).
 11370 | Lair:1   | 11370 ||| Stepping randomly (stuck).
 11371 | Lair:1   | 11371 ||| Stepping randomly (stuck).
 11372 | Lair:1   | 11372 ||| Stepping randomly (stuck).
 11373 | Lair:1   | 11373 ||| Stepping randomly (stuck).
 11374 | Lair:1   | 11374 ||| Stepping randomly (stuck).
 11375 | Lair:1   | 11375 ||| Stepping randomly (stuck).
 11376 | Lair:1   | 11376 ||| Stepping randomly (stuck).
 11377 | Lair:1   | 11377 ||| Stepping randomly (stuck).
 11378 | Lair:1   | 11378 ||| Stepping randomly (stuck).
 11379 | Lair:1   | 11379 ||| Stepping randomly (stuck).
 11380 | Lair:1   | 11380 ||| Stepping randomly (stuck).
 11381 | Lair:1   | 11381 ||| Stepping randomly (stuck).
 11382 | Lair:1   | 11382 ||| Stepping randomly (stuck).
 11383 | Lair:1   | 11383 ||| Stepping randomly (stuck).
 11384 | Lair:1   | 11384 ||| Stepping randomly (stuck).
 11385 | Lair:1   | 11385 ||| Stepping randomly (stuck).
 11386 | Lair:1   | 11386 ||| Stepping randomly (stuck).
 11387 | Lair:1   | 11387 ||| Stepping randomly (stuck).
 11388 | Lair:1   | 11388 ||| Stepping randomly (stuck).
 11389 | Lair:1   | 11389 ||| Stepping randomly (stuck).
 11390 | Lair:1   | 11390 ||| Stepping randomly (stuck).
 11391 | Lair:1   | 11391 ||| Stepping randomly (stuck).
 11392 | Lair:1   | 11392 ||| Stepping randomly (stuck).
 11393 | Lair:1   | 11393 ||| Stepping randomly (stuck).
 11394 | Lair:1   | 11394 ||| Stepping randomly (stuck).
 11395 | Lair:1   | 11395 ||| Stepping randomly (stuck).
 11396 | Lair:1   | 11396 ||| Stepping randomly (stuck).
 11397 | Lair:1   | 11397 ||| Stepping randomly (stuck).
 11398 | Lair:1   | 11398 ||| Stepping randomly (stuck).
 11399 | Lair:1   | 11399 ||| Stepping randomly (stuck).
 11400 | Lair:1   | 11400 ||| Stepping randomly (stuck).
 11401 | Lair:1   | 11401 ||| Stepping randomly (stuck).
 11402 | Lair:1   | 11402 ||| Stepping randomly (stuck).
 11403 | Lair:1   | 11403 ||| Stepping randomly (stuck).
 11404 | Lair:1   | 11404 ||| Stepping randomly (stuck).
 11405 | Lair:1   | 11405 ||| Stepping randomly (stuck).
 11406 | Lair:1   | 11406 ||| Stepping randomly (stuck).
 11407 | Lair:1   | 11407 ||| Stepping randomly (stuck).
 11408 | Lair:1   | 11408 ||| Stepping randomly (stuck).
 11409 | Lair:1   | 11409 ||| Stepping randomly (stuck).
 11410 | Lair:1   | 11410 ||| Stepping randomly (stuck).
 11411 | Lair:1   | 11411 ||| Stepping randomly (stuck).
 11412 | Lair:1   | 11412 ||| Stepping randomly (stuck).
 11413 | Lair:1   | 11413 ||| Stepping randomly (stuck).
 11414 | Lair:1   | 11414 ||| Stepping randomly (stuck).
 11415 | Lair:1   | 11415 ||| Stepping randomly (stuck).
 11416 | Lair:1   | 11416 ||| Stepping randomly (stuck).
 11417 | Lair:1   | 11417 ||| Stepping randomly (stuck).
 11418 | Lair:1   | 11418 ||| Stepping randomly (stuck).
 11419 | Lair:1   | 11419 ||| Stepping randomly (stuck).
 11420 | Lair:1   | 11420 ||| Stepping randomly (stuck).
 11421 | Lair:1   | 11421 ||| Stepping randomly (stuck).
 11422 | Lair:1   | 11422 ||| Stepping randomly (stuck).
 11423 | Lair:1   | 11423 ||| Stepping randomly (stuck).
 11424 | Lair:1   | 11424 ||| Stepping randomly (stuck).
 11425 | Lair:1   | 11425 ||| Stepping randomly (stuck).
 11426 | Lair:1   | 11426 ||| Stepping randomly (stuck).
 11427 | Lair:1   | 11427 ||| Stepping randomly (stuck).
 11428 | Lair:1   | 11428 ||| Stepping randomly (stuck).
 11429 | Lair:1   | 11429 ||| Stepping randomly (stuck).
 11430 | Lair:1   | 11430 ||| Stepping randomly (stuck).
 11431 | Lair:1   | 11431 ||| Stepping randomly (stuck).
 11432 | Lair:1   | 11432 ||| Stepping randomly (stuck).
 11433 | Lair:1   | 11433 ||| Stepping randomly (stuck).
 11434 | Lair:1   | 11434 ||| Stepping randomly (stuck).
 11435 | Lair:1   | 11435 ||| Stepping randomly (stuck).
 11436 | Lair:1   | 11436 ||| Stepping randomly (stuck).
 11437 | Lair:1   | 11437 ||| Stepping randomly (stuck).
 11438 | Lair:1   | 11438 ||| Stepping randomly (stuck).
 11439 | Lair:1   | 11439 ||| Stepping randomly (stuck).
 11440 | Lair:1   | 11440 ||| Stepping randomly (stuck).
 11441 | Lair:1   | 11441 ||| Stepping randomly (stuck).
 11442 | Lair:1   | 11442 ||| Stepping randomly (stuck).
 11443 | Lair:1   | 11443 ||| Stepping randomly (stuck).
 11444 | Lair:1   | 11444 ||| Stepping randomly (stuck).
 11445 | Lair:1   | 11445 ||| Stepping randomly (stuck).
 11446 | Lair:1   | 11446 ||| Stepping randomly (stuck).
 11447 | Lair:1   | 11447 ||| Stepping randomly (stuck).
 11448 | Lair:1   | 11448 ||| Stepping randomly (stuck).
 11449 | Lair:1   | 11449 ||| Stepping randomly (stuck).
 11450 | Lair:1   | 11450 ||| Stepping randomly (stuck).
 11451 | Lair:1   | 11451 ||| Stepping randomly (stuck).
 11452 | Lair:1   | 11452 ||| Stepping randomly (stuck).
 11453 | Lair:1   | 11453 ||| Stepping randomly (stuck).
 11454 | Lair:1   | 11454 ||| Stepping randomly (stuck).
 11455 | Lair:1   | 11455 ||| Stepping randomly (stuck).
 11456 | Lair:1   | 11456 ||| Stepping randomly (stuck).
 11457 | Lair:1   | 11457 ||| Stepping randomly (stuck).
 11458 | Lair:1   | 11458 ||| Stepping randomly (stuck).
 11459 | Lair:1   | 11459 ||| Stepping randomly (stuck).
 11460 | Lair:1   | 11460 ||| Stepping randomly (stuck).
 11461 | Lair:1   | 11461 ||| Stepping randomly (stuck).
 11462 | Lair:1   | 11462 ||| Stepping randomly (stuck).
 11463 | Lair:1   | 11463 ||| Stepping randomly (stuck).
 11464 | Lair:1   | 11464 ||| Stepping randomly (stuck).
 11465 | Lair:1   | 11465 ||| Stepping randomly (stuck).
 11466 | Lair:1   | 11466 ||| Stepping randomly (stuck).
 11467 | Lair:1   | 11467 ||| Stepping randomly (stuck).
 11468 | Lair:1   | 11468 ||| Stepping randomly (stuck).
 11469 | Lair:1   | 11469 ||| Stepping randomly (stuck).
 11470 | Lair:1   | 11470 ||| Stepping randomly (stuck).
 11471 | Lair:1   | 11471 ||| Stepping randomly (stuck).
 11472 | Lair:1   | 11472 ||| Stepping randomly (stuck).
 11473 | Lair:1   | 11473 ||| Stepping randomly (stuck).
 11474 | Lair:1   | 11474 ||| Stepping randomly (stuck).
 11475 | Lair:1   | 11475 ||| Stepping randomly (stuck).
 11476 | Lair:1   | 11476 ||| Stepping randomly (stuck).
 11477 | Lair:1   | 11477 ||| Stepping randomly (stuck).
 11478 | Lair:1   | 11478 ||| Stepping randomly (stuck).
 11479 | Lair:1   | 11479 ||| Stepping randomly (stuck).
 11480 | Lair:1   | 11480 ||| Stepping randomly (stuck).
 11481 | Lair:1   | 11481 ||| Stepping randomly (stuck).
 11482 | Lair:1   | 11482 ||| Stepping randomly (stuck).
 11483 | Lair:1   | 11483 ||| Stepping randomly (stuck).
 11484 | Lair:1   | 11484 ||| Stepping randomly (stuck).
 11485 | Lair:1   | 11485 ||| Stepping randomly (stuck).
 11486 | Lair:1   | 11486 ||| Stepping randomly (stuck).
 11487 | Lair:1   | 11487 ||| Stepping randomly (stuck).
 11488 | Lair:1   | 11488 ||| Stepping randomly (stuck).
 11489 | Lair:1   | 11489 ||| Stepping randomly (stuck).
 11490 | Lair:1   | 11490 ||| Stepping randomly (stuck).
 11491 | Lair:1   | 11491 ||| Stepping randomly (stuck).
 11492 | Lair:1   | 11492 ||| Stepping randomly (stuck).
 11493 | Lair:1   | 11493 ||| Stepping randomly (stuck).
 11494 | Lair:1   | 11494 ||| Stepping randomly (stuck).
 11495 | Lair:1   | 11495 ||| Stepping randomly (stuck).
 11496 | Lair:1   | 11496 ||| Stepping randomly (stuck).
 11497 | Lair:1   | 11497 ||| Stepping randomly (stuck).
 11498 | Lair:1   | 11498 ||| Stepping randomly (stuck).
 11499 | Lair:1   | 11499 ||| Stepping randomly (stuck).
 11500 | Lair:1   | 11500 ||| Stepping randomly (stuck).
 11501 | Lair:1   | 11501 ||| Stepping randomly (stuck).
 11502 | Lair:1   | 11502 ||| Stepping randomly (stuck).
 11503 | Lair:1   | 11503 ||| Stepping randomly (stuck).
 11504 | Lair:1   | 11504 ||| Stepping randomly (stuck).
 11505 | Lair:1   | 11505 ||| Stepping randomly (stuck).
 11506 | Lair:1   | 11506 ||| Stepping randomly (stuck).
 11507 | Lair:1   | 11507 ||| Stepping randomly (stuck).
 11508 | Lair:1   | 11508 ||| Stepping randomly (stuck).
 11509 | Lair:1   | 11509 ||| Stepping randomly (stuck).
 11510 | Lair:1   | 11510 ||| Stepping randomly (stuck).
 11511 | Lair:1   | 11511 ||| Stepping randomly (stuck).
 11512 | Lair:1   | 11512 ||| Stepping randomly (stuck).
 11513 | Lair:1   | 11513 ||| Stepping randomly (stuck).
 11514 | Lair:1   | 11514 ||| Stepping randomly (stuck).
 11515 | Lair:1   | 11515 ||| Stepping randomly (stuck).
 11516 | Lair:1   | 11516 ||| Stepping randomly (stuck).
 11517 | Lair:1   | 11517 ||| Stepping randomly (stuck).
 11518 | Lair:1   | 11518 ||| Stepping randomly (stuck).
 11519 | Lair:1   | 11519 ||| Stepping randomly (stuck).
 11520 | Lair:1   | 11520 ||| Stepping randomly (stuck).
 11521 | Lair:1   | 11521 ||| Stepping randomly (stuck).
 11522 | Lair:1   | 11522 ||| Stepping randomly (stuck).
 11523 | Lair:1   | 11523 ||| Stepping randomly (stuck).
 11524 | Lair:1   | 11524 ||| Stepping randomly (stuck).
 11525 | Lair:1   | 11525 ||| Stepping randomly (stuck).
 11526 | Lair:1   | 11526 ||| Stepping randomly (stuck).
 11527 | Lair:1   | 11527 ||| Stepping randomly (stuck).
 11528 | Lair:1   | 11528 ||| Stepping randomly (stuck).
 11529 | Lair:1   | 11529 ||| Stepping randomly (stuck).
 11530 | Lair:1   | 11530 ||| Stepping randomly (stuck).
 11531 | Lair:1   | 11531 ||| Stepping randomly (stuck).
 11532 | Lair:1   | 11532 ||| Stepping randomly (stuck).
 11533 | Lair:1   | 11533 ||| Stepping randomly (stuck).
 11534 | Lair:1   | 11534 ||| Stepping randomly (stuck).
 11535 | Lair:1   | 11535 ||| Stepping randomly (stuck).
 11536 | Lair:1   | 11536 ||| Stepping randomly (stuck).
 11537 | Lair:1   | 11537 ||| Stepping randomly (stuck).
 11538 | Lair:1   | 11538 ||| Stepping randomly (stuck).
 11539 | Lair:1   | 11539 ||| Stepping randomly (stuck).
 11540 | Lair:1   | 11540 ||| Stepping randomly (stuck).
 11541 | Lair:1   | 11541 ||| Stepping randomly (stuck).
 11542 | Lair:1   | 11542 ||| Stepping randomly (stuck).
 11543 | Lair:1   | 11543 ||| Stepping randomly (stuck).
 11544 | Lair:1   | 11544 ||| Stepping randomly (stuck).
 11545 | Lair:1   | 11545 ||| Stepping randomly (stuck).
 11546 | Lair:1   | 11546 ||| Stepping randomly (stuck).
 11547 | Lair:1   | 11547 ||| Stepping randomly (stuck).
 11548 | Lair:1   | 11548 ||| Stepping randomly (stuck).
 11549 | Lair:1   | 11549 ||| Stepping randomly (stuck).
 11550 | Lair:1   | 11550 ||| Stepping randomly (stuck).
 11551 | Lair:1   | 11551 ||| Stepping randomly (stuck).
 11552 | Lair:1   | 11552 ||| Stepping randomly (stuck).
 11553 | Lair:1   | 11553 ||| Stepping randomly (stuck).
 11554 | Lair:1   | 11554 ||| Stepping randomly (stuck).
 11555 | Lair:1   | 11555 ||| Stepping randomly (stuck).
 11556 | Lair:1   | 11556 ||| Stepping randomly (stuck).
 11557 | Lair:1   | 11557 ||| Stepping randomly (stuck).
 11558 | Lair:1   | 11558 ||| Stepping randomly (stuck).
 11559 | Lair:1   | 11559 ||| Stepping randomly (stuck).
 11560 | Lair:1   | 11560 ||| Stepping randomly (stuck).
 11561 | Lair:1   | 11561 ||| Stepping randomly (stuck).
 11562 | Lair:1   | 11562 ||| Stepping randomly (stuck).
 11563 | Lair:1   | 11563 ||| Stepping randomly (stuck).
 11564 | Lair:1   | 11564 ||| Stepping randomly (stuck).
 11565 | Lair:1   | 11565 ||| Stepping randomly (stuck).
 11566 | Lair:1   | 11566 ||| Stepping randomly (stuck).
 11567 | Lair:1   | 11567 ||| Stepping randomly (stuck).
 11568 | Lair:1   | 11568 ||| Stepping randomly (stuck).
 11569 | Lair:1   | 11569 ||| Stepping randomly (stuck).
 11570 | Lair:1   | 11570 ||| Stepping randomly (stuck).
 11571 | Lair:1   | 11571 ||| Stepping randomly (stuck).
 11572 | Lair:1   | 11572 ||| Stepping randomly (stuck).
 11573 | Lair:1   | 11573 ||| Stepping randomly (stuck).
 11574 | Lair:1   | 11574 ||| Stepping randomly (stuck).
 11575 | Lair:1   | 11575 ||| Stepping randomly (stuck).
 11576 | Lair:1   | 11576 ||| Stepping randomly (stuck).
 11577 | Lair:1   | 11577 ||| Stepping randomly (stuck).
 11578 | Lair:1   | 11578 ||| Stepping randomly (stuck).
 11579 | Lair:1   | 11579 ||| Stepping randomly (stuck).
 11580 | Lair:1   | 11580 ||| Stepping randomly (stuck).
 11581 | Lair:1   | 11581 ||| Stepping randomly (stuck).
 11582 | Lair:1   | 11582 ||| Stepping randomly (stuck).
 11583 | Lair:1   | 11583 ||| Stepping randomly (stuck).
 11584 | Lair:1   | 11584 ||| Stepping randomly (stuck).
 11585 | Lair:1   | 11585 ||| Stepping randomly (stuck).
 11586 | Lair:1   | 11586 ||| Stepping randomly (stuck).
 11587 | Lair:1   | 11587 ||| Stepping randomly (stuck).
 11588 | Lair:1   | 11588 ||| Stepping randomly (stuck).
 11589 | Lair:1   | 11589 ||| Stepping randomly (stuck).
 11590 | Lair:1   | 11590 ||| Stepping randomly (stuck).
 11591 | Lair:1   | 11591 ||| Stepping randomly (stuck).
 11592 | Lair:1   | 11592 ||| Stepping randomly (stuck).
 11593 | Lair:1   | 11593 ||| Stepping randomly (stuck).
 11594 | Lair:1   | 11594 ||| Stepping randomly (stuck).
 11595 | Lair:1   | 11595 ||| Stepping randomly (stuck).
 11596 | Lair:1   | 11596 ||| Stepping randomly (stuck).
 11597 | Lair:1   | 11597 ||| Stepping randomly (stuck).
 11598 | Lair:1   | 11598 ||| Stepping randomly (stuck).
 11599 | Lair:1   | 11599 ||| Stepping randomly (stuck).
 11600 | Lair:1   | 11600 ||| Stepping randomly (stuck).
 11601 | Lair:1   | 11601 ||| Stepping randomly (stuck).
 11602 | Lair:1   | 11602 ||| Stepping randomly (stuck).
 11603 | Lair:1   | 11603 ||| Stepping randomly (stuck).
 11604 | Lair:1   | 11604 ||| Stepping randomly (stuck).
 11605 | Lair:1   | 11605 ||| Stepping randomly (stuck).
 11606 | Lair:1   | 11606 ||| Stepping randomly (stuck).
 11607 | Lair:1   | 11607 ||| Stepping randomly (stuck).
 11608 | Lair:1   | 11608 ||| Stepping randomly (stuck).
 11609 | Lair:1   | 11609 ||| Stepping randomly (stuck).
 11610 | Lair:1   | 11610 ||| Stepping randomly (stuck).
 11611 | Lair:1   | 11611 ||| Stepping randomly (stuck).
 11612 | Lair:1   | 11612 ||| Stepping randomly (stuck).
 11613 | Lair:1   | 11613 ||| Stepping randomly (stuck).
 11614 | Lair:1   | 11614 ||| Stepping randomly (stuck).
 11615 | Lair:1   | 11615 ||| Stepping randomly (stuck).
 11616 | Lair:1   | 11616 ||| Stepping randomly (stuck).
 11617 | Lair:1   | 11617 ||| Stepping randomly (stuck).
 11618 | Lair:1   | 11618 ||| Stepping randomly (stuck).
 11619 | Lair:1   | 11619 ||| Stepping randomly (stuck).
 11620 | Lair:1   | 11620 ||| Stepping randomly (stuck).
 11621 | Lair:1   | 11621 ||| Stepping randomly (stuck).
 11622 | Lair:1   | 11622 ||| Stepping randomly (stuck).
 11623 | Lair:1   | 11623 ||| Stepping randomly (stuck).
 11624 | Lair:1   | 11624 ||| Stepping randomly (stuck).
 11625 | Lair:1   | 11625 ||| Stepping randomly (stuck).
 11626 | Lair:1   | 11626 ||| Stepping randomly (stuck).
 11627 | Lair:1   | 11627 ||| Stepping randomly (stuck).
 11628 | Lair:1   | 11628 ||| Stepping randomly (stuck).
 11629 | Lair:1   | 11629 ||| Stepping randomly (stuck).
 11630 | Lair:1   | 11630 ||| Stepping randomly (stuck).
 11631 | Lair:1   | 11631 ||| Stepping randomly (stuck).
 11632 | Lair:1   | 11632 ||| Stepping randomly (stuck).
 11633 | Lair:1   | 11633 ||| Stepping randomly (stuck).
 11634 | Lair:1   | 11634 ||| Stepping randomly (stuck).
 11635 | Lair:1   | 11635 ||| Stepping randomly (stuck).
 11636 | Lair:1   | 11636 ||| Stepping randomly (stuck).
 11637 | Lair:1   | 11637 ||| Stepping randomly (stuck).
 11638 | Lair:1   | 11638 ||| Stepping randomly (stuck).
 11639 | Lair:1   | 11639 ||| Stepping randomly (stuck).
 11640 | Lair:1   | 11640 ||| Stepping randomly (stuck).
 11641 | Lair:1   | 11641 ||| Stepping randomly (stuck).
 11642 | Lair:1   | 11642 ||| Stepping randomly (stuck).
 11643 | Lair:1   | 11643 ||| Stepping randomly (stuck).
 11644 | Lair:1   | 11644 ||| Stepping randomly (stuck).
 11645 | Lair:1   | 11645 ||| Stepping randomly (stuck).
 11646 | Lair:1   | 11646 ||| Stepping randomly (stuck).
 11647 | Lair:1   | 11647 ||| Stepping randomly (stuck).
 11648 | Lair:1   | 11648 ||| Stepping randomly (stuck).
 11649 | Lair:1   | 11649 ||| Stepping randomly (stuck).
 11650 | Lair:1   | 11650 ||| Stepping randomly (stuck).
 11651 | Lair:1   | 11651 ||| Stepping randomly (stuck).
 11652 | Lair:1   | 11652 ||| Stepping randomly (stuck).
 11653 | Lair:1   | 11653 ||| Stepping randomly (stuck).
 11654 | Lair:1   | 11654 ||| Stepping randomly (stuck).
 11655 | Lair:1   | 11655 ||| Stepping randomly (stuck).
 11656 | Lair:1   | 11656 ||| Stepping randomly (stuck).
 11657 | Lair:1   | 11657 ||| Stepping randomly (stuck).
 11658 | Lair:1   | 11658 ||| Stepping randomly (stuck).
 11659 | Lair:1   | 11659 ||| Stepping randomly (stuck).
 11660 | Lair:1   | 11660 ||| Stepping randomly (stuck).
 11661 | Lair:1   | 11661 ||| Stepping randomly (stuck).
 11662 | Lair:1   | 11662 ||| Stepping randomly (stuck).
 11663 | Lair:1   | 11663 ||| Stepping randomly (stuck).
 11664 | Lair:1   | 11664 ||| Stepping randomly (stuck).
 11665 | Lair:1   | 11665 ||| Stepping randomly (stuck).
 11666 | Lair:1   | 11666 ||| Stepping randomly (stuck).
 11667 | Lair:1   | 11667 ||| Stepping randomly (stuck).
 11668 | Lair:1   | 11668 ||| Stepping randomly (stuck).
 11669 | Lair:1   | 11669 ||| Stepping randomly (stuck).
 11670 | Lair:1   | 11670 ||| Stepping randomly (stuck).
 11671 | Lair:1   | 11671 ||| Stepping randomly (stuck).
 11672 | Lair:1   | 11672 ||| Stepping randomly (stuck).
 11673 | Lair:1   | 11673 ||| Stepping randomly (stuck).
 11674 | Lair:1   | 11674 ||| Stepping randomly (stuck).
 11675 | Lair:1   | 11675 ||| Stepping randomly (stuck).
 11676 | Lair:1   | 11676 ||| Stepping randomly (stuck).
 11677 | Lair:1   | 11677 ||| Stepping randomly (stuck).
 11678 | Lair:1   | 11678 ||| Stepping randomly (stuck).
 11679 | Lair:1   | 11679 ||| Stepping randomly (stuck).
 11680 | Lair:1   | 11680 ||| Stepping randomly (stuck).
 11681 | Lair:1   | 11681 ||| Stepping randomly (stuck).
 11682 | Lair:1   | 11682 ||| Stepping randomly (stuck).
 11683 | Lair:1   | 11683 ||| Stepping randomly (stuck).
 11684 | Lair:1   | 11684 ||| Stepping randomly (stuck).
 11685 | Lair:1   | 11685 ||| Stepping randomly (stuck).
 11686 | Lair:1   | 11686 ||| Stepping randomly (stuck).
 11687 | Lair:1   | 11687 ||| Stepping randomly (stuck).
 11688 | Lair:1   | 11688 ||| Stepping randomly (stuck).
 11689 | Lair:1   | 11689 ||| Stepping randomly (stuck).
 11690 | Lair:1   | 11690 ||| Stepping randomly (stuck).
 11691 | Lair:1   | 11691 ||| Stepping randomly (stuck).
 11692 | Lair:1   | 11692 ||| Stepping randomly (stuck).
 11693 | Lair:1   | 11693 ||| Stepping randomly (stuck).
 11694 | Lair:1   | 11694 ||| Stepping randomly (stuck).
 11695 | Lair:1   | 11695 ||| Stepping randomly (stuck).
 11696 | Lair:1   | 11696 ||| Stepping randomly (stuck).
 11697 | Lair:1   | 11697 ||| Stepping randomly (stuck).
 11698 | Lair:1   | 11698 ||| Stepping randomly (stuck).
 11699 | Lair:1   | 11699 ||| Stepping randomly (stuck).
 11700 | Lair:1   | 11700 ||| Stepping randomly (stuck).
 11701 | Lair:1   | 11701 ||| Stepping randomly (stuck).
 11702 | Lair:1   | 11702 ||| Stepping randomly (stuck).
 11703 | Lair:1   | 11703 ||| Stepping randomly (stuck).
 11704 | Lair:1   | 11704 ||| Stepping randomly (stuck).
 11705 | Lair:1   | 11705 ||| Stepping randomly (stuck).
 11706 | Lair:1   | 11706 ||| Stepping randomly (stuck).
 11707 | Lair:1   | 11707 ||| Stepping randomly (stuck).
 11708 | Lair:1   | 11708 ||| Stepping randomly (stuck).
 11709 | Lair:1   | 11709 ||| Stepping randomly (stuck).
 11710 | Lair:1   | 11710 ||| Stepping randomly (stuck).
 11711 | Lair:1   | 11711 ||| Stepping randomly (stuck).
 11712 | Lair:1   | 11712 ||| Stepping randomly (stuck).
 11713 | Lair:1   | 11713 ||| Stepping randomly (stuck).
 11714 | Lair:1   | 11714 ||| Stepping randomly (stuck).
 11715 | Lair:1   | 11715 ||| Stepping randomly (stuck).
 11716 | Lair:1   | 11716 ||| Stepping randomly (stuck).
 11717 | Lair:1   | 11717 ||| Stepping randomly (stuck).
 11718 | Lair:1   | 11718 ||| Stepping randomly (stuck).
 11719 | Lair:1   | 11719 ||| Stepping randomly (stuck).
 11720 | Lair:1   | 11720 ||| Stepping randomly (stuck).
 11721 | Lair:1   | 11721 ||| Stepping randomly (stuck).
 11722 | Lair:1   | 11722 ||| Stepping randomly (stuck).
 11723 | Lair:1   | 11723 ||| Stepping randomly (stuck).
 11724 | Lair:1   | 11724 ||| Stepping randomly (stuck).
 11725 | Lair:1   | 11725 ||| Stepping randomly (stuck).
 11726 | Lair:1   | 11726 ||| Stepping randomly (stuck).
 11727 | Lair:1   | 11727 ||| Stepping randomly (stuck).
 11728 | Lair:1   | 11728 ||| Stepping randomly (stuck).
 11729 | Lair:1   | 11729 ||| Stepping randomly (stuck).
 11730 | Lair:1   | 11730 ||| Stepping randomly (stuck).
 11731 | Lair:1   | 11731 ||| Stepping randomly (stuck).
 11732 | Lair:1   | 11732 ||| Stepping randomly (stuck).
 11733 | Lair:1   | 11733 ||| Stepping randomly (stuck).
 11734 | Lair:1   | 11734 ||| Stepping randomly (stuck).
 11735 | Lair:1   | 11735 ||| Stepping randomly (stuck).
 11736 | Lair:1   | 11736 ||| Stepping randomly (stuck).
 11737 | Lair:1   | 11737 ||| Stepping randomly (stuck).
 11738 | Lair:1   | 11738 ||| Stepping randomly (stuck).
 11739 | Lair:1   | 11739 ||| Stepping randomly (stuck).
 11740 | Lair:1   | 11740 ||| Stepping randomly (stuck).
 11741 | Lair:1   | 11741 ||| Stepping randomly (stuck).
 11742 | Lair:1   | 11742 ||| Stepping randomly (stuck).
 11743 | Lair:1   | 11743 ||| Stepping randomly (stuck).
 11744 | Lair:1   | 11744 ||| Stepping randomly (stuck).
 11745 | Lair:1   | 11745 ||| Stepping randomly (stuck).
 11746 | Lair:1   | 11746 ||| Stepping randomly (stuck).
 11747 | Lair:1   | 11747 ||| Stepping randomly (stuck).
 11748 | Lair:1   | 11748 ||| Stepping randomly (stuck).
 11749 | Lair:1   | 11749 ||| Stepping randomly (stuck).
 11750 | Lair:1   | 11750 ||| Stepping randomly (stuck).
 11751 | Lair:1   | 11751 ||| Stepping randomly (stuck).
 11752 | Lair:1   | 11752 ||| Stepping randomly (stuck).
 11753 | Lair:1   | 11753 ||| Stepping randomly (stuck).
 11754 | Lair:1   | 11754 ||| Stepping randomly (stuck).
 11755 | Lair:1   | 11755 ||| Stepping randomly (stuck).
 11756 | Lair:1   | 11756 ||| Stepping randomly (stuck).
 11757 | Lair:1   | 11757 ||| Stepping randomly (stuck).
 11758 | Lair:1   | 11758 ||| Stepping randomly (stuck).
 11759 | Lair:1   | 11759 ||| Stepping randomly (stuck).
 11760 | Lair:1   | 11760 ||| Stepping randomly (stuck).
 11761 | Lair:1   | 11761 ||| Stepping randomly (stuck).
 11762 | Lair:1   | 11762 ||| Stepping randomly (stuck).
 11763 | Lair:1   | 11763 ||| Stepping randomly (stuck).
 11764 | Lair:1   | 11764 ||| Stepping randomly (stuck).
 11765 | Lair:1   | 11765 ||| Stepping randomly (stuck).
 11766 | Lair:1   | 11766 ||| Stepping randomly (stuck).
 11767 | Lair:1   | 11767 ||| Stepping randomly (stuck).
 11768 | Lair:1   | 11768 ||| Stepping randomly (stuck).
 11769 | Lair:1   | 11769 ||| Stepping randomly (stuck).
 11770 | Lair:1   | 11770 ||| Stepping randomly (stuck).
 11771 | Lair:1   | 11771 ||| Stepping randomly (stuck).
 11772 | Lair:1   | 11772 ||| Stepping randomly (stuck).
 11773 | Lair:1   | 11773 ||| Stepping randomly (stuck).
 11774 | Lair:1   | 11774 ||| Stepping randomly (stuck).
 11775 | Lair:1   | 11775 ||| Stepping randomly (stuck).
 11776 | Lair:1   | 11776 ||| Stepping randomly (stuck).
 11777 | Lair:1   | 11777 ||| Stepping randomly (stuck).
 11778 | Lair:1   | 11778 ||| Stepping randomly (stuck).
 11779 | Lair:1   | 11779 ||| Stepping randomly (stuck).
 11780 | Lair:1   | 11780 ||| Stepping randomly (stuck).
 11781 | Lair:1   | 11781 ||| Stepping randomly (stuck).
 11782 | Lair:1   | 11782 ||| Stepping randomly (stuck).
 11783 | Lair:1   | 11783 ||| Stepping randomly (stuck).
 11784 | Lair:1   | 11784 ||| Stepping randomly (stuck).
 11785 | Lair:1   | 11785 ||| Stepping randomly (stuck).
 11786 | Lair:1   | 11786 ||| Stepping randomly (stuck).
 11787 | Lair:1   | 11787 ||| Stepping randomly (stuck).
 11788 | Lair:1   | 11788 ||| Stepping randomly (stuck).
 11789 | Lair:1   | 11789 ||| Stepping randomly (stuck).
 11790 | Lair:1   | 11790 ||| Stepping randomly (stuck).
 11791 | Lair:1   | 11791 ||| Stepping randomly (stuck).
 11792 | Lair:1   | 11792 ||| Stepping randomly (stuck).
 11793 | Lair:1   | 11793 ||| Stepping randomly (stuck).
 11794 | Lair:1   | 11794 ||| Stepping randomly (stuck).
 11795 | Lair:1   | 11795 ||| Stepping randomly (stuck).
 11796 | Lair:1   | 11796 ||| Stepping randomly (stuck).
 11797 | Lair:1   | 11797 ||| Stepping randomly (stuck).
 11798 | Lair:1   | 11798 ||| Stepping randomly (stuck).
 11799 | Lair:1   | 11799 ||| Stepping randomly (stuck).
 11800 | Lair:1   | 11800 ||| Stepping randomly (stuck).
 11801 | Lair:1   | 11801 ||| Stepping randomly (stuck).
 11802 | Lair:1   | 11802 ||| Stepping randomly (stuck).
 11803 | Lair:1   | 11803 ||| Stepping randomly (stuck).
 11804 | Lair:1   | 11804 ||| Stepping randomly (stuck).
 11805 | Lair:1   | 11805 ||| Stepping randomly (stuck).
 11806 | Lair:1   | 11806 ||| Stepping randomly (stuck).
 11807 | Lair:1   | 11807 ||| Stepping randomly (stuck).
 11808 | Lair:1   | 11808 ||| Stepping randomly (stuck).
 11809 | Lair:1   | 11809 ||| Stepping randomly (stuck).
 11810 | Lair:1   | 11810 ||| Stepping randomly (stuck).
 11811 | Lair:1   | 11811 ||| Stepping randomly (stuck).
 11812 | Lair:1   | 11812 ||| Stepping randomly (stuck).
 11813 | Lair:1   | 11813 ||| Stepping randomly (stuck).
 11814 | Lair:1   | 11814 ||| Stepping randomly (stuck).
 11815 | Lair:1   | 11815 ||| Stepping randomly (stuck).
 11816 | Lair:1   | 11816 ||| Stepping randomly (stuck).
 11817 | Lair:1   | 11817 ||| Stepping randomly (stuck).
 11818 | Lair:1   | 11818 ||| Stepping randomly (stuck).
 11819 | Lair:1   | 11819 ||| Stepping randomly (stuck).
 11820 | Lair:1   | 11820 ||| Stepping randomly (stuck).
 11821 | Lair:1   | 11821 ||| Stepping randomly (stuck).
 11822 | Lair:1   | 11822 ||| Stepping randomly (stuck).
 11823 | Lair:1   | 11823 ||| Stepping randomly (stuck).
 11824 | Lair:1   | 11824 ||| Stepping randomly (stuck).
 11825 | Lair:1   | 11825 ||| Stepping randomly (stuck).
 11826 | Lair:1   | 11826 ||| Stepping randomly (stuck).
 11827 | Lair:1   | 11827 ||| Stepping randomly (stuck).
 11828 | Lair:1   | 11828 ||| Stepping randomly (stuck).
 11829 | Lair:1   | 11829 ||| Stepping randomly (stuck).
 11830 | Lair:1   | 11830 ||| Stepping randomly (stuck).
 11831 | Lair:1   | 11831 ||| Stepping randomly (stuck).
 11832 | Lair:1   | 11832 ||| Stepping randomly (stuck).
 11833 | Lair:1   | 11833 ||| Stepping randomly (stuck).
 11834 | Lair:1   | 11834 ||| Stepping randomly (stuck).
 11835 | Lair:1   | 11835 ||| Stepping randomly (stuck).
 11836 | Lair:1   | 11836 ||| Stepping randomly (stuck).
 11837 | Lair:1   | 11837 ||| Stepping randomly (stuck).
 11838 | Lair:1   | 11838 ||| Stepping randomly (stuck).
 11839 | Lair:1   | 11839 ||| Stepping randomly (stuck).
 11840 | Lair:1   | 11840 ||| Stepping randomly (stuck).
 11841 | Lair:1   | 11841 ||| Stepping randomly (stuck).
 11842 | Lair:1   | 11842 ||| Stepping randomly (stuck).
 11843 | Lair:1   | 11843 ||| Stepping randomly (stuck).
 11844 | Lair:1   | 11844 ||| Stepping randomly (stuck).
 11845 | Lair:1   | 11845 ||| Stepping randomly (stuck).
 11846 | Lair:1   | 11846 ||| Stepping randomly (stuck).
 11847 | Lair:1   | 11847 ||| Stepping randomly (stuck).
 11848 | Lair:1   | 11848 ||| Stepping randomly (stuck).
 11849 | Lair:1   | 11849 ||| Stepping randomly (stuck).
 11850 | Lair:1   | 11850 ||| Stepping randomly (stuck).
 11851 | Lair:1   | 11851 ||| Stepping randomly (stuck).
 11852 | Lair:1   | 11852 ||| Stepping randomly (stuck).
 11853 | Lair:1   | 11853 ||| Stepping randomly (stuck).
 11854 | Lair:1   | 11854 ||| Stepping randomly (stuck).
 11855 | Lair:1   | 11855 ||| Stepping randomly (stuck).
 11856 | Lair:1   | 11856 ||| Stepping randomly (stuck).
 11857 | Lair:1   | 11857 ||| Stepping randomly (stuck).
 11858 | Lair:1   | 11858 ||| Stepping randomly (stuck).
 11859 | Lair:1   | 11859 ||| Stepping randomly (stuck).
 11860 | Lair:1   | 11860 ||| Stepping randomly (stuck).
 11861 | Lair:1   | 11861 ||| Stepping randomly (stuck).
 11862 | Lair:1   | 11862 ||| Stepping randomly (stuck).
 11863 | Lair:1   | 11863 ||| Stepping randomly (stuck).
 11864 | Lair:1   | 11864 ||| Stepping randomly (stuck).
 11865 | Lair:1   | 11865 ||| Stepping randomly (stuck).
 11866 | Lair:1   | 11866 ||| Stepping randomly (stuck).
 11867 | Lair:1   | 11867 ||| Stepping randomly (stuck).
 11868 | Lair:1   | 11868 ||| Stepping randomly (stuck).
 11869 | Lair:1   | 11869 ||| Stepping randomly (stuck).
 11870 | Lair:1   | 11870 ||| Stepping randomly (stuck).
 11871 | Lair:1   | 11871 ||| Stepping randomly (stuck).
 11872 | Lair:1   | 11872 ||| Stepping randomly (stuck).
 11873 | Lair:1   | 11873 ||| Stepping randomly (stuck).
 11874 | Lair:1   | 11874 ||| Stepping randomly (stuck).
 11875 | Lair:1   | 11875 ||| Stepping randomly (stuck).
 11876 | Lair:1   | 11876 ||| Stepping randomly (stuck).
 11877 | Lair:1   | 11877 ||| Stepping randomly (stuck).
 11878 | Lair:1   | 11878 ||| Stepping randomly (stuck).
 11879 | Lair:1   | 11879 ||| Stepping randomly (stuck).
 11880 | Lair:1   | 11880 ||| Stepping randomly (stuck).
 11881 | Lair:1   | 11881 ||| Stepping randomly (stuck).
 11882 | Lair:1   | 11882 ||| Stepping randomly (stuck).
 11883 | Lair:1   | 11883 ||| Stepping randomly (stuck).
 11884 | Lair:1   | 11884 ||| Stepping randomly (stuck).
 11885 | Lair:1   | 11885 ||| Stepping randomly (stuck).
 11886 | Lair:1   | 11886 ||| Stepping randomly (stuck).
 11887 | Lair:1   | 11887 ||| Stepping randomly (stuck).
 11888 | Lair:1   | 11888 ||| Stepping randomly (stuck).
 11889 | Lair:1   | 11889 ||| Stepping randomly (stuck).
 11890 | Lair:1   | 11890 ||| Stepping randomly (stuck).
 11891 | Lair:1   | 11891 ||| Stepping randomly (stuck).
 11892 | Lair:1   | 11892 ||| Stepping randomly (stuck).
 11893 | Lair:1   | 11893 ||| Stepping randomly (stuck).
 11894 | Lair:1   | 11894 ||| Stepping randomly (stuck).
 11895 | Lair:1   | 11895 ||| Stepping randomly (stuck).
 11896 | Lair:1   | 11896 ||| Stepping randomly (stuck).
 11897 | Lair:1   | 11897 ||| Stepping randomly (stuck).
 11898 | Lair:1   | 11898 ||| Stepping randomly (stuck).
 11899 | Lair:1   | 11899 ||| Stepping randomly (stuck).
 11900 | Lair:1   | 11900 ||| Stepping randomly (stuck).
 11901 | Lair:1   | 11901 ||| Stepping randomly (stuck).
 11902 | Lair:1   | 11902 ||| Stepping randomly (stuck).
 11903 | Lair:1   | 11903 ||| Stepping randomly (stuck).
 11904 | Lair:1   | 11904 ||| Stepping randomly (stuck).
 11905 | Lair:1   | 11905 ||| Stepping randomly (stuck).
 11906 | Lair:1   | 11906 ||| Stepping randomly (stuck).
 11907 | Lair:1   | 11907 ||| Stepping randomly (stuck).
 11908 | Lair:1   | 11908 ||| Stepping randomly (stuck).
 11909 | Lair:1   | 11909 ||| Stepping randomly (stuck).
 11910 | Lair:1   | 11910 ||| Stepping randomly (stuck).
 11911 | Lair:1   | 11911 ||| Stepping randomly (stuck).
 11912 | Lair:1   | 11912 ||| Stepping randomly (stuck).
 11913 | Lair:1   | 11913 ||| Stepping randomly (stuck).
 11914 | Lair:1   | 11914 ||| Stepping randomly (stuck).
 11915 | Lair:1   | 11915 ||| Stepping randomly (stuck).
 11916 | Lair:1   | 11916 ||| Stepping randomly (stuck).
 11917 | Lair:1   | 11917 ||| Stepping randomly (stuck).
 11918 | Lair:1   | 11918 ||| Stepping randomly (stuck).
 11919 | Lair:1   | 11919 ||| Stepping randomly (stuck).
 11920 | Lair:1   | 11920 ||| Stepping randomly (stuck).
 11921 | Lair:1   | 11921 ||| Stepping randomly (stuck).
 11922 | Lair:1   | 11922 ||| Stepping randomly (stuck).
 11923 | Lair:1   | 11923 ||| Stepping randomly (stuck).
 11924 | Lair:1   | 11924 ||| Stepping randomly (stuck).
 11925 | Lair:1   | 11925 ||| Stepping randomly (stuck).
 11926 | Lair:1   | 11926 ||| Stepping randomly (stuck).
 11927 | Lair:1   | 11927 ||| Stepping randomly (stuck).
 11928 | Lair:1   | 11928 ||| Stepping randomly (stuck).
 11929 | Lair:1   | 11929 ||| Stepping randomly (stuck).
 11930 | Lair:1   | 11930 ||| Stepping randomly (stuck).
 11931 | Lair:1   | 11931 ||| Stepping randomly (stuck).
 11932 | Lair:1   | 11932 ||| Stepping randomly (stuck).
 11933 | Lair:1   | 11933 ||| Stepping randomly (stuck).
 11934 | Lair:1   | 11934 ||| Stepping randomly (stuck).
 11935 | Lair:1   | 11935 ||| Stepping randomly (stuck).
 11936 | Lair:1   | 11936 ||| Stepping randomly (stuck).
 11937 | Lair:1   | 11937 ||| Stepping randomly (stuck).
 11938 | Lair:1   | 11938 ||| Stepping randomly (stuck).
 11939 | Lair:1   | 11939 ||| Stepping randomly (stuck).
 11940 | Lair:1   | 11940 ||| Stepping randomly (stuck).
 11941 | Lair:1   | 11941 ||| Stepping randomly (stuck).
 11942 | Lair:1   | 11942 ||| Stepping randomly (stuck).
 11943 | Lair:1   | 11943 ||| Stepping randomly (stuck).
 11944 | Lair:1   | 11944 ||| Stepping randomly (stuck).
 11945 | Lair:1   | 11945 ||| Stepping randomly (stuck).
 11946 | Lair:1   | 11946 ||| Stepping randomly (stuck).
 11947 | Lair:1   | 11947 ||| Stepping randomly (stuck).
 11948 | Lair:1   | 11948 ||| Stepping randomly (stuck).
 11949 | Lair:1   | 11949 ||| Stepping randomly (stuck).
 11950 | Lair:1   | 11950 ||| Stepping randomly (stuck).
 11951 | Lair:1   | 11951 ||| Stepping randomly (stuck).
 11952 | Lair:1   | 11952 ||| Stepping randomly (stuck).
 11953 | Lair:1   | 11953 ||| Stepping randomly (stuck).
 11954 | Lair:1   | 11954 ||| Stepping randomly (stuck).
 11955 | Lair:1   | 11955 ||| Stepping randomly (stuck).
 11956 | Lair:1   | 11956 ||| Stepping randomly (stuck).
 11957 | Lair:1   | 11957 ||| Stepping randomly (stuck).
 11958 | Lair:1   | 11958 ||| Stepping randomly (stuck).
 11959 | Lair:1   | 11959 ||| Stepping randomly (stuck).
 11960 | Lair:1   | 11960 ||| Stepping randomly (stuck).
 11961 | Lair:1   | 11961 ||| Stepping randomly (stuck).
 11962 | Lair:1   | 11962 ||| Stepping randomly (stuck).
 11963 | Lair:1   | 11963 ||| Stepping randomly (stuck).
 11964 | Lair:1   | 11964 ||| Stepping randomly (stuck).
 11965 | Lair:1   | 11965 ||| Stepping randomly (stuck).
 11966 | Lair:1   | 11966 ||| Stepping randomly (stuck).
 11967 | Lair:1   | 11967 ||| Stepping randomly (stuck).
 11968 | Lair:1   | 11968 ||| Stepping randomly (stuck).
 11969 | Lair:1   | 11969 ||| Stepping randomly (stuck).
 11970 | Lair:1   | 11970 ||| Stepping randomly (stuck).
 11971 | Lair:1   | 11971 ||| Stepping randomly (stuck).
 11972 | Lair:1   | 11972 ||| Stepping randomly (stuck).
 11973 | Lair:1   | 11973 ||| Stepping randomly (stuck).
 11974 | Lair:1   | 11974 ||| Stepping randomly (stuck).
 11975 | Lair:1   | 11975 ||| Stepping randomly (stuck).
 11976 | Lair:1   | 11976 ||| Stepping randomly (stuck).
 11977 | Lair:1   | 11977 ||| Stepping randomly (stuck).
 11978 | Lair:1   | 11978 ||| Stepping randomly (stuck).
 11979 | Lair:1   | 11979 ||| Stepping randomly (stuck).
 11980 | Lair:1   | 11980 ||| Stepping randomly (stuck).
 11981 | Lair:1   | 11981 ||| Stepping randomly (stuck).
 11982 | Lair:1   | 11982 ||| Stepping randomly (stuck).
 11983 | Lair:1   | 11983 ||| Stepping randomly (stuck).
 11984 | Lair:1   | 11984 ||| Stepping randomly (stuck).
 11985 | Lair:1   | 11985 ||| Stepping randomly (stuck).
 11986 | Lair:1   | 11986 ||| Stepping randomly (stuck).
 11987 | Lair:1   | 11987 ||| Stepping randomly (stuck).
 11988 | Lair:1   | 11988 ||| Stepping randomly (stuck).
 11989 | Lair:1   | 11989 ||| Stepping randomly (stuck).
 11990 | Lair:1   | 11990 ||| Stepping randomly (stuck).
 11991 | Lair:1   | 11991 ||| Stepping randomly (stuck).
 11992 | Lair:1   | 11992 ||| Stepping randomly (stuck).
 11993 | Lair:1   | 11993 ||| Stepping randomly (stuck).
 11994 | Lair:1   | 11994 ||| Stepping randomly (stuck).
 11995 | Lair:1   | 11995 ||| Stepping randomly (stuck).
 11996 | Lair:1   | 11996 ||| Stepping randomly (stuck).
 11997 | Lair:1   | 11997 ||| Stepping randomly (stuck).
 11998 | Lair:1   | 11998 ||| Stepping randomly (stuck).
 11999 | Lair:1   | 11999 ||| Stepping randomly (stuck).
 12000 | Lair:1   | 12000 ||| Stepping randomly (stuck).
 12001 | Lair:1   | 12001 ||| Stepping randomly (stuck).
 12002 | Lair:1   | 12002 ||| Stepping randomly (stuck).
 12003 | Lair:1   | 12003 ||| Stepping randomly (stuck).
 12004 | Lair:1   | 12004 ||| Stepping randomly (stuck).
 12005 | Lair:1   | 12005 ||| Stepping randomly (stuck).
 12006 | Lair:1   | 12006 ||| Stepping randomly (stuck).
 12007 | Lair:1   | 12007 ||| Stepping randomly (stuck).
 12008 | Lair:1   | 12008 ||| Stepping randomly (stuck).
 12009 | Lair:1   | 12009 ||| Stepping randomly (stuck).
 12010 | Lair:1   | 12010 ||| Stepping randomly (stuck).
 12011 | Lair:1   | 12011 ||| Stepping randomly (stuck).
 12012 | Lair:1   | 12012 ||| Stepping randomly (stuck).
 12013 | Lair:1   | 12013 ||| Stepping randomly (stuck).
 12014 | Lair:1   | 12014 ||| Stepping randomly (stuck).
 12015 | Lair:1   | 12015 ||| Stepping randomly (stuck).
 12016 | Lair:1   | 12016 ||| Stepping randomly (stuck).
 12017 | Lair:1   | 12017 ||| Stepping randomly (stuck).
 12018 | Lair:1   | 12018 ||| Stepping randomly (stuck).
 12019 | Lair:1   | 12019 ||| Stepping randomly (stuck).
 12020 | Lair:1   | 12020 ||| Stepping randomly (stuck).
 12021 | Lair:1   | 12021 ||| Stepping randomly (stuck).
 12022 | Lair:1   | 12022 ||| Stepping randomly (stuck).
 12023 | Lair:1   | 12023 ||| Stepping randomly (stuck).
 12024 | Lair:1   | 12024 ||| Stepping randomly (stuck).
 12025 | Lair:1   | 12025 ||| Stepping randomly (stuck).
 12026 | Lair:1   | 12026 ||| Stepping randomly (stuck).
 12027 | Lair:1   | 12027 ||| Stepping randomly (stuck).
 12028 | Lair:1   | 12028 ||| Stepping randomly (stuck).
 12029 | Lair:1   | 12029 ||| Stepping randomly (stuck).
 12030 | Lair:1   | 12030 ||| Stepping randomly (stuck).
 12031 | Lair:1   | 12031 ||| Stepping randomly (stuck).
 12032 | Lair:1   | 12032 ||| Stepping randomly (stuck).
 12033 | Lair:1   | 12033 ||| Stepping randomly (stuck).
 12034 | Lair:1   | 12034 ||| Stepping randomly (stuck).
 12035 | Lair:1   | 12035 ||| Stepping randomly (stuck).
 12036 | Lair:1   | 12036 ||| Stepping randomly (stuck).
 12037 | Lair:1   | 12037 ||| Stepping randomly (stuck).
 12038 | Lair:1   | 12038 ||| Stepping randomly (stuck).
 12039 | Lair:1   | 12039 ||| Stepping randomly (stuck).
 12040 | Lair:1   | 12040 ||| Stepping randomly (stuck).
 12041 | Lair:1   | 12041 ||| Stepping randomly (stuck).
 12042 | Lair:1   | 12042 ||| Stepping randomly (stuck).
 12043 | Lair:1   | 12043 ||| Stepping randomly (stuck).
 12044 | Lair:1   | 12044 ||| Stepping randomly (stuck).
 12045 | Lair:1   | 12045 ||| Stepping randomly (stuck).
 12046 | Lair:1   | 12046 ||| Stepping randomly (stuck).
 12047 | Lair:1   | 12047 ||| Stepping randomly (stuck).
 12048 | Lair:1   | 12048 ||| Stepping randomly (stuck).
 12049 | Lair:1   | 12049 ||| Stepping randomly (stuck).
 12050 | Lair:1   | 12050 ||| Stepping randomly (stuck).
 12051 | Lair:1   | 12051 ||| Stepping randomly (stuck).
 12052 | Lair:1   | 12052 ||| Stepping randomly (stuck).
 12053 | Lair:1   | 12053 ||| Stepping randomly (stuck).
 12054 | Lair:1   | 12054 ||| Stepping randomly (stuck).
 12055 | Lair:1   | 12055 ||| Stepping randomly (stuck).
 12056 | Lair:1   | 12056 ||| Stepping randomly (stuck).
 12057 | Lair:1   | 12057 ||| Stepping randomly (stuck).
 12058 | Lair:1   | 12058 ||| Stepping randomly (stuck).
 12059 | Lair:1   | 12059 ||| Stepping randomly (stuck).
 12060 | Lair:1   | 12060 ||| Stepping randomly (stuck).
 12061 | Lair:1   | 12061 ||| Stepping randomly (stuck).
 12062 | Lair:1   | 12062 ||| Stepping randomly (stuck).
 12063 | Lair:1   | 12063 ||| Stepping randomly (stuck).
 12064 | Lair:1   | 12064 ||| Stepping randomly (stuck).
 12065 | Lair:1   | 12065 ||| Stepping randomly (stuck).
 12066 | Lair:1   | 12066 ||| Stepping randomly (stuck).
 12067 | Lair:1   | 12067 ||| Stepping randomly (stuck).
 12068 | Lair:1   | 12068 ||| Stepping randomly (stuck).
 12069 | Lair:1   | 12069 ||| Stepping randomly (stuck).
 12070 | Lair:1   | 12070 ||| Stepping randomly (stuck).
 12071 | Lair:1   | 12071 ||| Stepping randomly (stuck).
 12072 | Lair:1   | 12072 ||| Stepping randomly (stuck).
 12073 | Lair:1   | 12073 ||| Stepping randomly (stuck).
 12074 | Lair:1   | 12074 ||| Stepping randomly (stuck).
 12075 | Lair:1   | 12075 ||| Stepping randomly (stuck).
 12076 | Lair:1   | 12076 ||| Stepping randomly (stuck).
 12077 | Lair:1   | 12077 ||| Stepping randomly (stuck).
 12078 | Lair:1   | 12078 ||| Stepping randomly (stuck).
 12079 | Lair:1   | 12079 ||| Stepping randomly (stuck).
 12080 | Lair:1   | 12080 ||| Stepping randomly (stuck).
 12081 | Lair:1   | 12081 ||| Stepping randomly (stuck).
 12082 | Lair:1   | 12082 ||| Stepping randomly (stuck).
 12083 | Lair:1   | 12083 ||| Stepping randomly (stuck).
 12084 | Lair:1   | 12084 ||| Stepping randomly (stuck).
 12085 | Lair:1   | 12085 ||| Stepping randomly (stuck).
 12086 | Lair:1   | 12086 ||| Stepping randomly (stuck).
 12087 | Lair:1   | 12087 ||| Stepping randomly (stuck).
 12088 | Lair:1   | 12088 ||| Stepping randomly (stuck).
 12089 | Lair:1   | 12089 ||| Stepping randomly (stuck).
 12090 | Lair:1   | 12090 ||| Stepping randomly (stuck).
 12091 | Lair:1   | 12091 ||| Stepping randomly (stuck).
 12092 | Lair:1   | 12092 ||| Stepping randomly (stuck).
 12093 | Lair:1   | 12093 ||| Stepping randomly (stuck).
 12094 | Lair:1   | 12094 ||| Stepping randomly (stuck).
 12095 | Lair:1   | 12095 ||| Stepping randomly (stuck).
 12096 | Lair:1   | 12096 ||| Stepping randomly (stuck).
 12097 | Lair:1   | 12097 ||| Stepping randomly (stuck).
 12098 | Lair:1   | 12098 ||| Stepping randomly (stuck).
 12099 | Lair:1   | 12099 ||| Stepping randomly (stuck).
 12100 | Lair:1   | 12100 ||| Stepping randomly (stuck).
 12101 | Lair:1   | 12101 ||| Stepping randomly (stuck).
 12102 | Lair:1   | 12102 ||| Stepping randomly (stuck).
 12103 | Lair:1   | 12103 ||| Stepping randomly (stuck).
 12104 | Lair:1   | 12104 ||| Stepping randomly (stuck).
 12105 | Lair:1   | 12105 ||| Stepping randomly (stuck).
 12106 | Lair:1   | 12106 ||| Stepping randomly (stuck).
 12107 | Lair:1   | 12107 ||| Stepping randomly (stuck).
 12108 | Lair:1   | 12108 ||| Stepping randomly (stuck).
 12109 | Lair:1   | 12109 ||| Stepping randomly (stuck).
 12110 | Lair:1   | Quit the game

Levels and vault maps discovered:
D:1:      amcnicky_arrival_gap_in_the_tavern_cellar, layout_basic,
          hellmonk_ecumenical_altar_prayer_group, minmay_pentomino_o2
D:2:      layout_rooms, minmay_stone_trees_small, grunt_decor_mini_mirrors,
          kennysheep_minor_cross, kennysheep_nondescript, kennysheep_cross_room,
          st_stairs_14, serial_park_tiny_2, uniq_jessica, uniq_sigmund,
          uniq_robin
D:3:      layout_basic
D:4:      layout_basic, nicolae_ossuary_entry_ruins,
          nicolae_concentric_dashed_squares_wild, minmay_between
D:5:      layout_basic, serial_shops, shop, shop_coins, nicolae_shop_crystal,
          shop, nicolae_shop_hallway_plus, serial_undead, serial_undead_e,
          serial_undead_a, serial_undead_d, serial_undead_b, serial_undead_f,
          serial_undead_c, uniq_blork_the_orc
D:6:      layout_cave_pods, serial_shops, shop
D:7:      layout_layer_cave, elyvilon_altar_4, minmay_temple_entry_arrows,
          enter_bailey_2
D:8:      layout_basic
D:9:      layout_rooms, chequers_temple_overflow_statue_of_worship, david_orc_2,
          serial_glass, glass_columns_a, glass_columns_a, glass_columns_a,
          glass_columns_c, glass_columns_a, glass_columns_a, glass_columns_a,
          glass_columns_a, minivault_5, uniq_maurice, uniq_prince_ribbit1,
          uniq_erica
D:10:     layout_loops_ring, erik_lair_island, nicolae_take_the_stairs,
          hellmonk_guarded_unrand_dark_maul, uniq_snorg, uniq_erolcha,
          uniq_maggie
D:11:     layout_rooms, grunt_ogre_cave, grunt_ministairs_10, grunt_potential
Lair:1:   layout_gridlike, enter_volcano_2, grunt_megastairs_5

Skill      XL: |  1  2  3  4  5  6  7  8  9 10 11 12 |
---------------+-------------------------------------+-----
Unarmed Combat | 4 6 8 9 10 13 14 | 14.6
Fighting       | 3 4 5 6 |  6.2
Dodging        | 1 2 3 |  3.1
Shields        | 5 12 | 12.3
Throwing       | 2 3 4 |  4.0
Armour         | 2 3 |  3.4
Spellcasting   | |  1.0
Fire Magic     | |  2.1

Action                   |  1- 3 |  4- 6 |  7- 9 | 10-12 || total
-------------------------+-------+-------+-------+-------++-------
Melee: Unarmed           |    77 |   102 |   275 |   587 ||  1041
       Punch             |     2 |     3 |    10 |       ||    15
Throw: Javelin           |       |       |     8 |    69 ||    77
       Boomerang         |       |       |       |    20 ||    20
Invok: Fiery Armour      |     2 |       |     1 |     9 ||    12
  Use: Scroll            |     3 |     5 |    14 |    11 ||    33
       Potion            |       |     4 |     2 |     3 ||     9
Armor: Robe              |    19 |    26 |    34 |    80 ||   159
       Swamp dragon scal |       |       |       |    73 ||    73
Dodge: Dodged            |    30 |    30 |    53 |   140 ||   253
Block: Other             |     1 |    27 |    19 |       ||    47
       Reflection        |       |     2 |     1 |    15 ||    18
       Kite shield       |       |       |    47 |   456 ||   503

Table legend:
 A = Non-vault XP
 B = Vault XP
 C = Vault XP percentage of total XP
 D = Non-vault monster count
 E = Vault monster count
 F = Vault count percentage of total count
                 A         B        C        D         E       F
            +---------+---------+-------+---------+---------+-------
      Total |   17308 |   12826 |  42.6 |     257 |     108 |  29.6
            +---------+---------+-------+---------+---------+-------
        D:1 |      38 |       6 |  13.6 |      22 |       3 |  12.0
        D:2 |      71 |     318 |  81.7 |      13 |      16 |  55.2
        D:3 |     140 |       0 |   0.0 |      21 |       0 |   0.0
        D:4 |     282 |     121 |  30.0 |      23 |       5 |  17.9
        D:5 |     422 |     411 |  49.3 |      10 |       6 |  37.5
        D:6 |    1044 |       0 |   0.0 |      21 |       0 |   0.0
        D:7 |     923 |       0 |   0.0 |      24 |       0 |   0.0
        D:8 |    1203 |       0 |   0.0 |      43 |       0 |   0.0
        D:9 |    2650 |    1620 |  37.9 |      24 |      11 |  31.4
       D:10 |    2731 |    6037 |  68.9 |      28 |      18 |  39.1
       D:11 |    3450 |    3648 |  51.4 |      14 |      13 |  48.1
     Lair:1 |    4354 |       0 |   0.0 |      14 |       0 |   0.0
    Ossuary |       0 |     665 | 100.0 |       0 |      36 | 100.0
            +---------+---------+-------+---------+---------+-------
